 Dungeon Crawl Stone Soup version 0.30.0-29-ga12c61a403 (webtiles) character file.

Game seed: 12635716005486604862

657025 qw the Conqueror (level 27, -2/199 HPs)
             Began as a Gargoyle Fighter on June 6, 2023.
             Was the Champion of the Shining One.
             Killed by divine providence
             ... invoked by a royal mummy
              (14 damage)
             ... on level 3 of the Tomb of the Ancients on June 10, 2023.
             The game lasted 01:01:05 (61212 turns).

qw the Conqueror (Gargoyle Fighter)                Turns: 61212, Time: 01:01:06

Health: -2/199     AC: 65    Str: 36    XL:     27
Magic:  29/32      EV: 16    Int: 10    God:    the Shining One [******]
Gold:   4931       SH:  0    Dex: 12    Spells: 26/26 levels left

rFire   + . .        O - +9 broad axe (holy)
rCold   + . .        J - +0 tower shield
rNeg    + + +        N - +2 gold dragon scales
rPois   inf          p - +2 helmet
rElec   +            k - +1 cloak {Will+}
rCorr   .            G - +2 pair of gloves
SInv    .            b - +2 pair of boots of Miocin {-Cast rElec Regen+ Dex+3}
Will    +++..        K - amulet of faith Stlth
                     B - ring "Miruniom" {rPois EV+5 Str+3}
HPRegen 1.33/turn    e - +5 ring of evasion
MPRegen 0.23/turn

%: no spellcasting, faith
@: marked, flying, held, slowed, glowing, very slow
A: sickness immunity, AC +20, big wings, negative energy resistance 1,
electricity resistance, torment resistance 1, petrification resistance, low MP
1, mutation resistance 1
}: 4/15 runes: decaying, slimy, silver, gossamer
a: Renounce Religion, Divine Shield, Cleansing Flame, Summon Divine Warrior


You were on level 3 of the Tomb of the Ancients.
You worshipped the Shining One.
The Shining One was exalted by your worship.
You visited 12 branches of the dungeon, and saw 55 of its levels.
You also visited: Ossuary.

You collected 7427 gold pieces.
You spent 2496 gold pieces at shops.


Innate Abilities, Weirdness & Mutations

You are immune to sickness and miasma.
Your stone body is resilient. (AC +20)
You are immune to poison.
Your large and strong wings let you fly.
You resist negative energy. (rN+)
You are resistant to electric shocks. (rElec)
You are resistant to unholy torment.
You are immune to petrification.
Your magical capacity is low. (-10% MP)
You are somewhat resistant to further mutation.


   Skills:
 O Level 27 Fighting
 - Level 18.0 Axes
 - Level 15.1 Throwing
 + Level 26.7 Armour
 - Level 10.7 Dodging
 - Level 22.0 Shields
 + Level 18.4 Invocations


You had 26 spell levels left.
You didn't know any spells.
Your spell library was empty.

Inventory:

Hand Weapons
 w - the +7 broad axe "Giantslayer" {freeze, *Noise rElec rC++ rN+, mikee}
   (You found it on level 5 of the Pits of Slime)

   rC:        It greatly protects you from cold.
   rElec:     It insulates you from electricity.
   rN:        It protects you from negative energy.
   *Noise:    It may make noises in combat.
 z - the +6 broad axe of Melee {flame, rF+++ Str-3}
   (Okawaru gifted it to you on level 15 of the Dungeon)

   Str:       It affects your strength (-3).
   rF:        It renders you almost immune to fire.
 D - the +5 broad axe of Conscience {vamp, SInv}
   (You acquired it on level 3 of the Vaults)

   SInv:      It lets you see invisible.
   The Shining One disapproves of the use of such an item.
 O - a +9 broad axe of holy wrath (weapon)
Missiles
 t - 9 boomerangs (quivered)
Armour
 b - the +2 pair of boots of Miocin (worn) {-Cast rElec Regen+ Dex+3}
   (You acquired it on level 5 of the Dungeon)

   Dex:       It affects your dexterity (+3).
   rElec:     It insulates you from electricity.
   -Cast:     It prevents spellcasting.
   Regen:     It increases your rate of health regeneration.
 k - a +1 cloak of willpower (worn)
 m - a +2 cloak
 o - a +6 plate armour
 p - a +2 helmet (worn)
 y - a scarf of resistance
 G - a +2 pair of gloves (worn)
 J - a +0 tower shield (worn)
 N - +2 gold dragon scales (worn)
Jewellery
 e - a +5 ring of evasion (right hand)
 r - the amulet of the Sharing Gods {Reflect rElec rPois rN+ Dex+3 SH+5}
   (You found it on level 5 of the Lair of Beasts)

   [amulet of reflection]

   It reflects blocked missile attacks.
   Dex:       It affects your dexterity (+3).
   rElec:     It insulates you from electricity.
   rPois:     It protects you from poison.
   rN:        It protects you from negative energy.
   SH:        It affects your SH (+5).
 u - a ring of protection from cold
 B - the ring "Miruniom" (left hand) {rPois EV+5 Str+3}
   (You found it on level 5 of the Lair of Beasts)

   [ring of evasion]

   EV:        It affects your evasion (+5).
   Str:       It affects your strength (+3).
   rPois:     It protects you from poison.
 H - the ring "Taczamis" {Fire Str+2 Int+5}
   (You found it on level 5 of the Pits of Slime)

   [ring of fire]

   It enhances your fire magic.
   Str:       It affects your strength (+2).
   Int:       It affects your intelligence (+5).
   rF:        It protects you from fire.
   rC:        It makes you vulnerable to cold.
 K - an amulet of faith (around neck)
Wands
 c - a wand of digging (35)
Scrolls
 l - 23 scrolls of identify
 A - 16 scrolls of teleportation
 F - 4 scrolls of enchant weapon
 I - 2 scrolls of brand weapon
Potions
 d - 14 potions of might
 f - 17 potions of mutation
 g - 17 potions of curing
 h - 7 potions of attraction
 i - 4 potions of haste
 j - a potion of cancellation
 n - 4 potions of resistance
 q - 12 potions of lignification
 L - a potion of magic

Dungeon Overview and Level Annotations

Branches:
Dungeon (15/15)            Temple (1/1) D:7            Lair (5/5) D:9
  Swamp (4/4) Lair:3       Spider (4/4) Lair:3        Slime (5/5) Lair:4
    Orc (2/2) D:12            Elf (0/3) Orc:2        Vaults (5/5) D:14
  Crypt (3/3) Vaults:2       Tomb (3/3) Crypt:3      Depths (4/4) D:15
    Zot (4/5) Depths:4    Ossuary (visited)

Altars:
Ashenzari
Cheibriados
Dithmenos
Elyvilon
Fedhas
Gozag
Hepliaklqana
Kikubaaqudgha
Makhleb
Nemelex Xobeh
Okawaru
Qazlal
Ru
Sif Muna
Trog
Uskayaw
Vehumet
Wu Jian
Xom
Yredelemnul
Zin
The Shining One
Jiyva
Lugonu

Shops:
D:7 ?   D:9 *   Orc:1 !   Orc:2 !([*   Vaults:3 (   Vaults:4 [

Portals:
Hell: Depths:1 Depths:2 Depths:3 Depths:4
Abyss: Lair:5 Depths:3 Depths:4
Pandemonium: Depths:2 Depths:3
Ziggurat: Depths:1

Annotations:
D:9 1 runed translucent door, qw's ghost, journeyman GrFi
D:15 5 runed translucent doors
Orc:2 1 runed translucent door, qw's ghost, adept GrFi
Vaults:1 2 runed translucent doors, TuffENuff's ghost, veteran FoFi
Crypt:1 2 transporters
Tomb:3 Mennas
Depths:4 4 transporters
Zot:1 1 runed translucent door, Jiorhin's ghost, legendary TrBe


Message History

Enter note:
Enter note:
Enter note:
Enter note:
Enter note:
Enter note:
Enter note: The death scarab misses you.
The bennu barely misses you. The bennu misses you.
The bennu claws you but does no damage. Mennas hits you but does no damage. x2
The bennu barely misses you. The bennu completely misses you.
The bennu claws you but does no damage.
The guardian mummy hits you but does no damage.
A royal mummy comes into view. x3
The skeletal warrior hits you but does no damage.
The guardian mummy misses you.
A royal mummy comes into view.
Mennas hits you but does no damage. x2
The guardian mummy hits you but does no damage. x2
A mummy priest comes into view.
The mummy priest calls on the powers of darkness!
Your body is wracked with pain!
Mennas convulses!
The bennu convulses!
The mummy priest utters an invocation to its god.
The guardian mummy hits you but does no damage. x2
The bennu barely misses you. The bennu closely misses you.
The bennu claws you but does no damage.
Enter note:
Enter note:
Enter note:
Enter note:
Enter note:
Enter note:
Enter note:
Enter note: Mennas becomes audible again.
The death scarab barely misses you.
The death scarab bites you but does no damage.
Mennas hits you with a +0 trishula of holy wrath!
Mennas hits you but does no damage.
The royal mummy points at you and mumbles some strange words.
Something smites you!
You die...
MMMMM.MM ... #...zMM# ... #..MMMB# .... #M.MMMW#..... #^MMMMZ#M.. +.zWMMz4M

#.M3MMM#
#.ZVM@B#
#..5MAb#
#..)55.#
#.....)#
#..^^..#
########


You could see 4 royal mummies, Mennas, a bennu, 6 mummy priests, a skeletal
warrior, a jiangshi (summoned), a shadow wraith (summoned, invisible), a
hellwing (summoned), 11 guardian mummies, a freezing wraith (summoned), a
spectral storm dragon (summoned), a ynoxinul (summoned), 2 death scarabs, 2
flying skulls, 9 mummies, 3 ufetubi and a bunyip skeleton.

Vanquished Creatures
  the Royal Jelly (Slime:5)
  Dissolution (Slime:2)
  2 orbs of fire
  An ancient lich (Vaults:5)
  Mara (Depths:1)
  4 juggernauts
  Sojobo (Depths:4)
  11 royal mummies
  A Killer Klown (Zot:3)
  Xtahua (Depths:4)
  Frederick (Crypt:3)
  2 curse toes
  11 golden dragons
  the Enchantress (Depths:4)
  Arachne (Spider:2)
  Nikola (Vaults:1)
  2 doom hounds (Depths:3)
  2 electric golems
  22 tentacled monstrosities
  Mlioglotl (Swamp:1)
  Grunn (Depths:3)
  8 quicksilver dragons
  6 deep elf blademasters
  5 deep elf master archers
  3 liches
  17 titans
  19 acid blobs
  A walking divine tome (Depths:3)
  An eldritch tentacle (Tomb:2)
  12 sphinxes
  8 death cobs
  Frances (Spider:1)
  6 ancient champions
  Gastronok (D:9)
  Donald (Crypt:2)
  10 storm dragons
  8 tengu reavers
  6 draconian monks
  7 azure jellies
  18 shadow dragons
  4 revenants
  Roxanne (Spider:4)
  6 rockslimes (Slime:5)
  16 frost giants
  A balrug (Zot:3)
  6 draconian knights
  2 deep elf sorcerers
  2 iron dragons
  4 emperor scorpions
  21 vault wardens
  24 fire giants
  Aizul (Spider:4)
  4 curse skulls
  6 draconian scorchers
  3 ghost moths
  A cacodemon (Zot:2)
  2 draconian stormcallers
  An orc warlord (Vaults:3)
  3 broodmothers
  11 draconian shifters
  10 quicksilver oozes
  12 ghouls
  17 ironbound preservers
  23 stone giants
  8 draconian annihilators
  7 ironbound thunderhulks
  3 war gargoyles
  7 spriggan defenders
  36 very ugly things
  9 green draconians
  4 vampire knights
  4 eleionomae
  13 black draconians
  13 purple draconians
  7 bunyips
  A deep elf demonologist (Vaults:5)
  21 red draconians
  Azrael (Spider:2)
  12 bennus
  A spectral titan (Crypt:3)
  26 white draconians
  12 spark wasps
  16 dire elephants
  25 yellow draconians
  4 deep elf death magi
  An acid blob zombie (Crypt:1)
  2 eidola
  16 ettins
  4 crystal guardians (Vaults:4)
  A merfolk javelineer (Depths:3)
  8 entropy weavers
  7 fire dragons
  15 mummy priests
  2 deep elf high priests (Vaults:5)
  A spectral iron giant (Crypt:3)
  15 great orbs of eyes
  A quicksilver dragon zombie (Crypt:2)
  A shambling mangrove (Swamp:2)
  17 yaktaur captains
  A great orb of eyes (shapeshifter) (Vaults:3)
  Josephine (Orc:2)
  5 jiangshi
  9 spriggan air magi
  42 vault guards
  Erolcha (D:9)
  A quicksilver dragon skeleton (Crypt:1)
  6 jorogumos
  A fenstrider witch zombie (Crypt:3)
  9 ice dragons
  2 spriggan skeletons (Crypt:1)
  10 hydras
  7 radroaches
  5 rakshasas
  4 centaur warriors
  2 two-headed ogres
  An ogre mage (Vaults:5)
  3 peacekeepers (Vaults:4)
  2 catoblepae
  2 anacondas (shapeshifter)
  14 ironbound frosthearts
  A ghost crab (Swamp:1)
  3 death knights
  7 boulder beetles
  9 alligators
  9 tengu warriors
  A two-headed ogre (shapeshifter) (Depths:1)
  24 death scarabs
  10 deep troll shamans
  6 vampire magi
  17 death yaks
  4 deep troll earth magi
  6 orc high priests (Orc:2)
  A hell hog (Depths:2)
  4 thrashing horrors (Lair:5)
  5 spriggan berserkers
  5 hell knights
  A titan zombie (Tomb:1)
  7 sun demons (Depths:2)
  8 deep elf knights
  A titan skeleton (Crypt:3)
  13 shadow wraiths
  22 skeletal warriors
  4 soul eaters
  A golden dragon zombie (Depths:2)
  7 iron trolls
  7 sun moths
  A skyshark (shapeshifter) (Depths:1)
  A salamander mystic (Depths:2)
  42 deep trolls
  An anaconda zombie (Crypt:1)
  9 pharaoh ants
  4 goliath frogs
  A spectral anaconda (Crypt:3)
  4 glowing orange brains
  8 orb spiders
  A spectral iron dragon (Crypt:3)
  An orange crystal statue (Depths:4)
  A bunyip skeleton (Crypt:3)
  4 flayed ghosts
  9 swamp dragons
  16 ironbound convokers
  6 spriggan druids
  A death drake (Swamp:2)
  An anaconda skeleton (Crypt:3)
  7 wizards
  9 bog bodies
  8 deep elf pyromancers
  A spriggan simulacrum (Crypt:1)
  7 steelbarb worms
  7 deep elf archers
  10 orc knights
  7 lindwurms
  A wolf spider zombie (Crypt:2)
  9 necromancers
  A broodmother zombie (Crypt:2)
  3 deep elf zephyrmancers (Tomb:1)
  16 wolf spiders
  18 phantasmal warriors
  6 cyclopes
  37 ugly things
  33 moths of wrath
  3 manticores
  7 shining eyes
  2 salamanders (Depths:2)
  2 stone giant zombies (Depths:2)
  5 will-o-the-wisps
  10 vault sentinels
  4 demonic crawlers
  6 black mambas
  A guardian serpent (shapeshifter) (Vaults:5)
  4 eyes of devastation
  16 cane toads
  7 elephants
  2 stone giant skeletons
  4 torpor snails
  A shock serpent skeleton (Crypt:2)
  2 dire elephant skeletons (Crypt:2)
  2 efreet
  A naga skeleton (Crypt:1)
  A kobold demonologist (D:13)
  An unseen horror (D:11)
  A hellion (Depths:2)
  A pale draconian zombie (Crypt:2)
  A komodo dragon (shapeshifter) (D:13)
  2 yaktaurs (shapeshifter)
  7 komodo dragons
  A tormentor (Depths:2)
  5 rime drakes
  34 yaktaurs
  A spectral naga (Crypt:3)
  4 tengu conjurers
  An ancient zyme (Lair:5)
  An anaconda simulacrum (Crypt:1)
  11 freezing wraiths
  A purple draconian skeleton (Crypt:2)
  8 tyrant leeches
  34 guardian mummies
  4 trolls
  A troll (shapeshifter) (D:13)
  7 meliai
  A harpy zombie (Crypt:1)
  A hellwing (Depths:2)
  A red devil (Depths:2)
  A yellow draconian skeleton (Crypt:3)
  2 bloated husks
  8 polar bears
  28 tarantellas
  A tarantella (shapeshifter) (Lair:5)
  A hydra skeleton (Tomb:1)
  A blink frog (shapeshifter) (D:14)
  14 dream sheep
  17 hornets
  A raiju (Swamp:1)
  Prince Ribbit (D:5)
  4 harpy skeletons
  A stone giant simulacrum (Crypt:3)
  11 blink frogs
  An ice dragon skeleton (Crypt:1)
  A culicivora (shapeshifter) (Vaults:3)
  A yak (shapeshifter) (D:14)
  29 flying skulls
  9 shadows
  25 jumping spiders
  69 slime creatures
  An ice dragon zombie (Crypt:1)
  A black mamba zombie (Tomb:1)
  A vampire (D:13)
  13 wraiths
  27 culicivoras
  16 spriggans
  3 wyverns
  5 ynoxinuls
  7 water elementals
  24 fire elementals
  72 yaks
  13 basilisks
  6 golden eyes (Slime:4)
  7 ushabtiu
  3 chaos spawn (Lair:5)
  4 swamp worm simulacra (Swamp:4)
  52 redbacks
  3 wargs
  4 vampire mosquitoes
  A harpy simulacrum (Crypt:3)
  17 swamp worms
  10 water moccasins
  A swamp worm (shapeshifter) (Vaults:5)
  A faun skeleton (Crypt:1)
  3 hell hounds (Spider:2)
  2 swamp drakes (Swamp:1)
  16 hydra simulacra (Swamp:4)
  A floating eye (Depths:3)
  A floating eye (shapeshifter) (D:15)
  A snapping turtle zombie (Crypt:1)
  A deep troll skeleton (Crypt:2)
  40 orc warriors
  3 sky beasts
  An ice beast (D:8)
  A dream sheep zombie (Crypt:2)
  10 ogres
  A swamp dragon skeleton (Crypt:1)
  11 centaurs
  5 wolves (Lair:1)
  An elephant skeleton (Crypt:3)
  2 phantoms
  13 bullfrogs
  A kobold brigand (D:10)
  A yaktaur zombie (Crypt:1)
  4 necrophages
  4 scorpions
  A gnoll sergeant (D:7)
  2 water moccasin zombies
  10 small abominations (Lair:5)
  12 wights
  2 jellies
  A queen bee zombie (Crypt:1)
  4 killer bees (D:9)
  A raiju skeleton (Crypt:2)
  10 electric eels
  11 howler monkeys
  A bullfrog zombie (Ossuary)
  5 centaur zombies
  28 orc priests
  4 gnoll boudas
  7 hell rats (Lair:2)
  2 iguanas
  A scorpion zombie (Ossuary)
  Natasha (thrice) (D:3)
  17 orc wizards
  An ogre zombie (Ossuary)
  An acid dragon skeleton (Crypt:2)
  35 mummies
  22 gnolls
  A howler monkey skeleton (Crypt:3)
  5 adders
  2 white imps
  4 swamp drake simulacra (Swamp:4)
  An adder zombie (Ossuary)
  3 worms
  5 dart slugs
  A worm (shapeshifter) (Depths:3)
  61 orcs
  7 ball pythons
  5 endoplasms
  12 giant cockroaches
  9 gnoll zombies (Ossuary)
  8 goblins
  3 hobgoblins
  2 quokkas
  3 bats
  2 frilled lizards
  A frilled lizard zombie (Crypt:2)
  6 goblin zombies (Ossuary)
  A hobgoblin zombie (Ossuary)
  11 kobolds
  3 orc zombies (Ossuary)
  2 rats
  A rat skeleton (Crypt:1)
  A river rat skeleton (Crypt:2)
  2 lurking horrors (Slime:4)
2504 creatures vanquished.

Vanquished Creatures (collateral kills)
  10 royal mummies (Tomb:1)
  A lich (Crypt:3)
  A revenant (Tomb:1)
  2 fire giants (Tomb:1)
  3 frost giants
  A deep elf sorcerer (Tomb:1)
  A curse skull (Crypt:3)
  A reaper (Crypt:3)
  A ghoul (Crypt:3)
  2 stone giants (Tomb:1)
  A vampire knight (Crypt:3)
  A yellow draconian (Tomb:1)
  2 bennus
  An eidolon (Crypt:3)
  2 mummy priests (Tomb:1)
  A deep elf death mage (Crypt:3)
  A jiangshi (Crypt:3)
  2 death scarabs (Tomb:1)
  5 skeletal warriors
  A shadow wraith (Crypt:3)
  4 flayed ghosts (Crypt:3)
  A bog body (Crypt:3)
  A deep elf archer (Tomb:2)
  A deep elf zephyrmancer (Tomb:1)
  6 phantasmal warriors (Crypt:3)
  A deep elf pyromancer (Tomb:1)
  A frost giant zombie (Crypt:3)
  2 guardian mummies (Tomb:1)
  2 harpy skeletons
  8 flying skulls (Tomb:1)
  An ice dragon skeleton (Crypt:3)
  4 shadows (Crypt:3)
  2 ushabtiu (Tomb:1)
  A deep troll zombie (Crypt:3)
  A dream sheep zombie (Crypt:3)
  A warg skeleton (Crypt:3)
  An acid dragon skeleton (Crypt:3)
  2 mummies (Tomb:1)
80 creatures vanquished.

Vanquished Creatures (others)
  2 draconian knights
  A frost giant (Crypt:3)
  An eleionoma (Swamp:4)
  A bennu (Tomb:2)
  A black draconian (Zot:3)
  A green draconian (Zot:3)
  A white draconian (Zot:1)
  A hydra (Swamp:4)
  An alligator (Swamp:4)
  A bog body (Swamp:4)
  A deep elf archer (Tomb:1)
  A deep elf pyromancer (D:15)
  A deep elf zephyrmancer (Tomb:1)
  A moth of wrath (Zot:2)
  A hellion (Tomb:2)
  A tengu conjurer (Depths:3)
  A hornet (Swamp:4)
  A tyrant leech (Swamp:4)
  A jumping spider (Spider:2)
  4 spriggans
  A swamp worm (Swamp:4)
  A sky beast (shapeshifter) (Vaults:5)
  An orc warrior (Orc:2)
  17 foxfires
  4 starspawn tentacles (Swamp:1)
48 creatures vanquished.

Grand Total: 2632 creatures vanquished

Notes
Turn   | Place    | Note
-------+----------+-------------------------------------------
     0 | D:1      | qw the Gargoyle Fighter began the quest for the Orb.
     0 | D:1      | Reached XP level 1. HP: 14/14 MP: 1/1
     0 | D:1      | 0 ||| qw: Version: 0.2-a-108-gee2c290
     0 | D:1      | 0 ||| qw: Game counter: 1528
     0 | D:1      | 0 ||| qw: Always use a shield: true
     0 | D:1      | 0 ||| qw: God list: Okawaru
     0 | D:1      | 0 ||| qw: Allow faded altars: false
     0 | D:1      | 0 ||| qw: Do Orc after D:15 true
     0 | D:1      | 0 ||| qw: Do second Lair branch before Depths: true
     0 | D:1      | 0 ||| qw: Lair rune preference: random
     0 | D:1      | 0 ||| qw: Plans: Normal, Zot:1-4, Slime:5, God:TSO, Crypt,
                  | Tomb, Abyss, Pan, Hells, Win
     0 | D:1      | 0 ||| PLANNING D:1-11
   371 | D:1      | 371 ||| Stepping ~*~*~tactically~*~*~ (stealth).
   379 | D:1      | Reached XP level 2. HP: 12/19 MP: 2/2
   655 | D:1      | 655 ||| SWAPPING to +1 vampiric hand axe.
   809 | D:1      | 809 ||| UPGRADING to amulet of regeneration.
   814 | D:1      | 814 ||| READING scroll labelled JEOKKY FUYTA.
   815 | D:1      | 815 ||| READING 4 scrolls labelled IRGHAF SERA.
   816 | D:1      | 816 ||| READING 2 scrolls labelled TUOLUM MASI.
   817 | D:1      | 817 ||| READING scroll labelled ZOAHUPHORILI.
   818 | D:1      | 818 ||| READING scroll labelled CESUCI XOZEAKH.
   819 | D:1      | 819 ||| READING scroll labelled SAHAIM XEDEI.
   823 | D:1      | 823 ||| DRINKING 3 cyan potions.
   823 | D:1      | Gained mutation: You are somewhat resistant to further
                  | mutation. [potion of mutation]
   824 | D:1      | 824 ||| DRINKING 2 fizzy black potions.
   825 | D:1      | 825 ||| DRINKING 2 amethyst potions.
   826 | D:1      | 826 ||| READING 3 scrolls of identify.
   826 | D:1      | 826 ||| IDENTIFYING lumpy cyan potion
   827 | D:1      | 827 ||| DROPPING potion of flight.
   828 | D:1      | 828 ||| DROPPING potion of degeneration.
   829 | D:1      | 829 ||| DROPPING scroll of noise.
  1053 | D:2      | Reached skill level 3 in Axes
  1053 | D:2      | Reached XP level 3. HP: 23/23 MP: 3/3
  1221 | D:2      | Reached XP level 4. HP: 25/28 MP: 4/4
  1333 | D:2      | 1333 ||| Stepping ~*~*~tactically~*~*~ (stealth).
  1750 | D:2      | 1750 ||| Stepping ~*~*~tactically~*~*~ (stealth).
  1775 | D:2      | 1775 ||| UPGRADING to +3 ring mail.
  1785 | D:2      | 1785 ||| DROPPING +0 scale mail.
  1786 | D:2      | 1786 ||| READING scroll labelled DAGROO PEEHANE.
  1787 | D:2      | 1787 ||| READING scroll labelled LIFRAXTAGGO.
  1788 | D:2      | 1788 ||| READING scroll labelled ZYALINWIDOS.
  1889 | D:2      | 1889 ||| READING scroll labelled ERIGAL DEREUN.
  1890 | D:2      | 1890 ||| DRINKING 2 fizzy red potions.
  1891 | D:2      | 1891 ||| DRINKING 2 clear potions.
  1892 | D:2      | 1892 ||| DRINKING 2 emerald potions.
  1994 | D:3      | Reached XP level 5. HP: 32/32 MP: 5/5
  2008 | D:3      | Noticed Natasha
  2009 | D:3      | 2009 ||| Stepping ~*~*~tactically~*~*~ (hiding).
  2024 | D:3      | Killed Natasha
  2234 | D:3      | Noticed Natasha
  2244 | D:3      | HP: 5/32 [constriction (5)]
  2245 | D:3      | 2245 ||| DRINKING potion of heal wounds.
  2247 | D:3      | Killed Natasha
  2306 | D:3      | Noticed Natasha
  2307 | D:3      | 2307 ||| Stepping ~*~*~tactically~*~*~ (stealth).
  2319 | D:3      | Killed Natasha
  2320 | D:3      | Reached skill level 1 in Dodging
  2481 | D:3      | 2481 ||| Stepping ~*~*~tactically~*~*~ (stealth).
  2564 | D:3      | 2564 ||| Stepping ~*~*~tactically~*~*~ (hiding).
  2877 | D:3      | 2877 ||| UPGRADING to ring of see invisible.
  2878 | D:3      | 2878 ||| UPGRADING to ring of willpower.
  2879 | D:3      | 2879 ||| READING scroll labelled ENITSI ZIRHEABU.
  2899 | D:4      | 2899 ||| PLANNING OSSUARY
  2937 | D:4      | 2937 ||| Stepping ~*~*~tactically~*~*~ (stealth).
  2981 | D:4      | Reached skill level 4 in Fighting
  2981 | D:4      | Reached XP level 6. HP: 39/39 MP: 6/6
  3174 | D:4      | Found a sand-covered staircase.
  3175 | D:4      | 3175 ||| READING scroll labelled BIULUA SOGEBI.
  3183 | Ossuary  | Entered an ossuary
  3306 | Ossuary  | Reached skill level 6 in Axes
  3306 | Ossuary  | Reached XP level 7. HP: 44/44 MP: 7/7
  3455 | Ossuary  | Noticed a silent spectre
  3488 | D:4      | 3488 ||| PLANNING D:1-11
  3791 | D:4      | 3791 ||| DROPPING +0 whip.
  3797 | D:4      | 3797 ||| Stepping ~*~*~tactically~*~*~ (hiding).
  4145 | D:4      | 4145 ||| DROPPING +1 heavy mace.
  4165 | D:4      | 4165 ||| UPGRADING to amulet of reflection.
  4175 | D:4      | 4175 ||| DROPPING amulet of regeneration.
  4176 | D:4      | 4176 ||| UPGRADING to +4 ring of protection.
  4178 | D:4      | 4178 ||| READING scroll labelled SODIQA UGHOY.
  4179 | D:4      | 4179 ||| READING scroll labelled IBAUNE AGOK.
  4180 | D:4      | 4180 ||| READING 4 scrolls of identify.
  4180 | D:4      | 4180 ||| IDENTIFYING red potion
  4199 | D:5      | Entered Level 5 of the Dungeon
  4255 | D:5      | Noticed Prince Ribbit
  4285 | D:5      | Killed Prince Ribbit
  4286 | D:5      | Reached skill level 6 in Fighting
  4286 | D:5      | Reached XP level 8. HP: 51/51 MP: 8/8
  4322 | D:5      | 4322 ||| Stepping ~*~*~tactically~*~*~ (stealth).
  4392 | D:5      | 4392 ||| Stepping ~*~*~tactically~*~*~ (stealth).
  4404 | D:5      | 4404 ||| Stepping ~*~*~tactically~*~*~ (hiding).
  4570 | D:5      | 4570 ||| Stepping ~*~*~tactically~*~*~ (stealth).
  4582 | D:5      | Reached skill level 1 in Throwing
  5089 | D:5      | Found a radiant altar of Vehumet.
  5089 | D:5      | Found an opulent altar of Gozag.
  5130 | D:5      | 5130 ||| DROPPING ring of wizardry.
  5131 | D:5      | 5131 ||| DROPPING ring of willpower.
  5132 | D:5      | 5132 ||| UPGRADING to +5 ring of evasion.
  5134 | D:5      | 5134 ||| DROPPING ring of see invisible.
  5135 | D:5      | 5135 ||| READING scroll labelled XAFAUNAPOPN.
  5136 | D:5      | 5136 ||| READING scroll labelled OCYULYK TYSA.
  5136 | D:5      | Identified a scroll of acquirement
  5136 | D:5      | 5136 ||| ACQUIRING +2 pair of boots of Miocin {-Cast rElec
                  | Regen+ Dex+3}
  5136 | D:5      | Acquired the +2 pair of boots of Miocin {-Cast rElec Regen+
                  | Dex+3}
  5138 | D:5      | 5138 ||| UPGRADING to +2 pair of boots of Miocin {-Cast
                  | rElec Regen+ Dex+3}.
  5143 | D:5      | 5143 ||| READING scroll labelled HAHAHU BOOL.
  5144 | D:5      | 5144 ||| READING 4 scrolls of identify.
  5144 | D:5      | 5144 ||| IDENTIFYING inky potion
  5262 | D:6      | 5262 ||| Stepping ~*~*~tactically~*~*~ (stealth).
  5264 | D:6      | 5264 ||| Stepping ~*~*~tactically~*~*~ (stealth).
  5266 | D:6      | 5266 ||| Stepping ~*~*~tactically~*~*~ (stealth).
  5389 | D:6      | Found a sparkling altar of Nemelex Xobeh.
  5560 | D:6      | Reached skill level 9 in Axes
  5560 | D:6      | Reached XP level 9. HP: 55/55 MP: 9/9
  5635 | D:6      | Found a shadowy altar of Dithmenos.
  5961 | D:6      | Found a snail-covered altar of Cheibriados.
  6216 | D:6      | 6216 ||| UPGRADING to +0 cloak.
  6221 | D:6      | 6221 ||| UPGRADING to +0 plate armour.
  6231 | D:6      | 6231 ||| DROPPING +3 ring mail.
  6266 | D:7      | 6266 ||| Stepping ~*~*~tactically~*~*~ (stealth).
  6289 | D:7      | 6289 ||| Stepping ~*~*~tactically~*~*~ (stealth).
  6385 | D:7      | 6385 ||| Stepping ~*~*~tactically~*~*~ (water).
  6394 | D:7      | Reached skill level 6 in Armour
  6431 | D:7      | 6431 ||| FLEEEEING.
  6432 | D:7      | 6432 ||| FLEEEEING.
  6433 | D:7      | 6433 ||| FLEEEEING.
  6437 | D:7      | 6437 ||| STAIRDANCE
  6566 | D:7      | Found an ornate altar of the Wu Jian Council.
  6595 | D:7      | 6595 ||| Stepping ~*~*~tactically~*~*~ (hiding).
  6596 | D:7      | 6596 ||| Stepping ~*~*~tactically~*~*~ (hiding).
  6597 | D:7      | 6597 ||| Stepping ~*~*~tactically~*~*~ (hiding).
  6601 | D:7      | 6601 ||| Stepping ~*~*~tactically~*~*~ (hiding).
  6646 | D:7      | 6646 ||| READING scroll of enchant armour.
  6646 | D:7      | 6646 ||| ENCHANTING +0 cloak.
  6679 | D:7      | Found a hazy altar of Hepliaklqana.
  6841 | D:7      | Found Udegus's Magic Scroll Shop.
  6845 | D:7      | 6845 ||| BUYING scroll of enchant armour (97 gold).
  6845 | D:7      | Bought a scroll of enchant armour for 97 gold pieces
  6845 | D:7      | 6845 ||| BUYING scroll of identify (26 gold).
  6845 | D:7      | Bought a scroll of identify for 26 gold pieces
  6845 | D:7      | 6845 ||| READING scroll of enchant armour.
  6845 | D:7      | 6845 ||| ENCHANTING +1 cloak.
  6881 | D:7      | Noticed a hornet
  6892 | D:7      | Killed a hornet
  6893 | D:7      | Reached skill level 7 in Fighting
  7026 | D:7      | Found a staircase to the Ecumenical Temple.
  7027 | D:7      | 7027 ||| PLANNING TEMPLE
  7040 | Temple   | Entered the Ecumenical Temple
  7073 | Temple   | 7073 ||| PLANNING OKAWARU WORSHIP
  7238 | Temple   | Became a worshipper of Warmaster Okawaru
  7238 | Temple   | 7238 ||| PLANNING D:1-11
  7361 | D:8      | 7361 ||| Stepping ~*~*~tactically~*~*~ (hiding).
  7362 | D:8      | 7362 ||| Stepping ~*~*~tactically~*~*~ (hiding).
  7529 | D:8      | 7529 ||| Stepping ~*~*~tactically~*~*~ (hiding).
  7532 | D:8      | 7532 ||| Stepping ~*~*~tactically~*~*~ (hiding).
  7533 | D:8      | 7533 ||| Stepping ~*~*~tactically~*~*~ (stealth).
  7534 | D:8      | 7534 ||| Stepping ~*~*~tactically~*~*~ (hiding).
  7535 | D:8      | 7535 ||| Stepping ~*~*~tactically~*~*~ (hiding).
  7536 | D:8      | 7536 ||| Stepping ~*~*~tactically~*~*~ (hiding).
  7537 | D:8      | 7537 ||| Stepping ~*~*~tactically~*~*~ (hiding).
  7560 | D:8      | Reached XP level 10. HP: 63/63 MP: 10/10
  7578 | D:8      | Reached skill level 8 in Fighting
  7595 | D:8      | 7595 ||| Stepping ~*~*~tactically~*~*~ (stealth).
  7600 | D:8      | 7600 ||| Stepping ~*~*~tactically~*~*~ (stealth).
  7605 | D:8      | Reached * piety under Okawaru
  7612 | D:8      | Found a shimmering altar of Xom.
  7618 | D:8      | 7618 ||| INVOKING Heroism.
  7681 | D:8      | 7681 ||| Stepping ~*~*~tactically~*~*~ (stealth).
  7710 | D:8      | Found a stormy altar of Qazlal.
  7863 | D:8      | 7863 ||| Stepping ~*~*~tactically~*~*~ (stealth).
  7870 | D:8      | 7870 ||| Stepping ~*~*~tactically~*~*~ (stealth).
  7973 | D:8      | Found a white marble altar of Elyvilon.
  8145 | D:8      | 8145 ||| Stepping ~*~*~tactically~*~*~ (stealth).
  8146 | D:8      | 8146 ||| INVOKING Heroism.
  8155 | D:8      | Reached skill level 1 in Invocations
  8314 | D:9      | 8314 ||| Stepping ~*~*~tactically~*~*~ (hiding).
  8322 | D:9      | 8322 ||| DRINKING 3 potions of curing.
  8322 | D:9      | 8322 ||| (to cure confusion)
  8327 | D:9      | 8327 ||| DRINKING 2 potions of curing.
  8327 | D:9      | 8327 ||| (to cure confusion)
  8367 | D:9      | Noticed Gastronok
  8368 | D:9      | 8368 ||| Stepping ~*~*~tactically~*~*~ (hiding).
  8369 | D:9      | 8369 ||| Stepping ~*~*~tactically~*~*~ (hiding).
  8379 | D:9      | 8379 ||| INVOKING Heroism.
  8410 | D:9      | Killed Gastronok
  8411 | D:9      | Reached skill level 6 in Shields
  8444 | D:9      | Found a runed translucent door.
  8444 | D:9      | Noticed qw's ghost (journeyman GrFi)
  8461 | D:9      | Found a staircase to the Lair.
  8462 | D:9      | Noticed a death yak
  8463 | D:9      | 8463 ||| INVOKING Heroism.
  8464 | D:9      | 8464 ||| INVOKING Heroism.
  8465 | D:9      | Noticed a death yak
  8466 | D:9      | Noticed a death yak
  8467 | D:9      | Noticed a death yak
  8477 | D:9      | Noticed a death yak
  8484 | D:9      | Noticed a death yak
  8485 | D:9      | 8485 ||| INVOKING Heroism.
  8493 | D:9      | Killed a death yak
  8494 | D:9      | Reached skill level 3 in Invocations
  8504 | D:9      | Killed a death yak
  8504 | D:9      | Reached ** piety under Okawaru
  8505 | D:9      | Reached XP level 11. HP: 68/68 MP: 10/14
  8511 | D:9      | 8511 ||| INVOKING Heroism.
  8525 | D:9      | Killed a death yak
  8554 | D:9      | Killed a death yak
  8554 | D:9      | Reached *** piety under Okawaru
  8556 | D:9      | 8556 ||| INVOKING Heroism.
  8575 | D:9      | Killed a death yak
  8576 | D:9      | Reached skill level 9 in Fighting
  8595 | D:9      | 8595 ||| INVOKING Heroism.
  8618 | D:9      | Killed a death yak
  8618 | D:9      | Reached **** piety under Okawaru
  8753 | D:9      | 8753 ||| INVOKING Heroism.
  8767 | D:9      | 8767 ||| INVOKING Heroism.
  8827 | D:9      | Noticed Erolcha
  8828 | D:9      | 8828 ||| Stepping ~*~*~tactically~*~*~ (hiding).
  8829 | D:9      | 8829 ||| Stepping ~*~*~tactically~*~*~ (hiding).
  8833 | D:9      | 8833 ||| INVOKING Heroism.
  8879 | D:9      | Killed Erolcha
  8900 | D:9      | 8900 ||| Stepping ~*~*~tactically~*~*~ (stealth).
  8973 | D:9      | 8973 ||| READING scroll of enchant weapon.
  8973 | D:9      | 8973 ||| ENCHANTING +1 vampiric hand axe.
  9160 | D:9      | Found an ancient bone altar of Kikubaaqudgha.
  9216 | D:9      | Found Vaynit's Assorted Antiques.
  9222 | D:9      | 9222 ||| BUYING blackened copper amulet (145 gold).
  9222 | D:9      | Bought a blackened copper amulet for 145 gold pieces
  9222 | D:9      | 9222 ||| BUYING potion of curing (87 gold).
  9222 | D:9      | Bought a potion of curing for 87 gold pieces
  9222 | D:9      | 9222 ||| BUYING potion of mutation (232 gold).
  9222 | D:9      | Bought a potion of mutation for 232 gold pieces
  9222 | D:9      | 9222 ||| SHOPLISTING scroll of enchant weapon (217 gold,
                  | have 7).
  9222 | D:9      | 9222 ||| SHOPLISTING thick jade amulet (145 gold, have 7).
  9353 | D:9      | 9353 ||| PLANNING LAIR
  9353 | D:9      | 9353 ||| UPGRADING to +2 hat of willpower.
  9358 | D:9      | 9358 ||| DROPPING +1 pair of boots.
  9359 | D:9      | 9359 ||| DROPPING amulet of guardian spirit.
  9360 | D:9      | 9360 ||| DROPPING ring of magical power.
  9372 | Lair:1   | Entered Level 1 of the Lair of Beasts
  9390 | Lair:1   | 9390 ||| INVOKING Heroism.
  9457 | Lair:1   | 9457 ||| Stepping ~*~*~tactically~*~*~ (stealth).
  9458 | Lair:1   | 9458 ||| INVOKING Heroism.
  9476 | Lair:1   | Reached skill level 12 in Axes
  9522 | Lair:1   | 9522 ||| Stepping ~*~*~tactically~*~*~ (hiding).
  9655 | Lair:1   | 9655 ||| Stepping ~*~*~tactically~*~*~ (hiding).
  9732 | Lair:1   | 9732 ||| INVOKING Heroism.
  9743 | Lair:1   | Reached skill level 9 in Armour
  9743 | Lair:1   | Reached XP level 12. HP: 76/76 MP: 14/16
  9818 | Lair:1   | 9818 ||| Stepping ~*~*~tactically~*~*~ (stealth).
  9820 | Lair:1   | 9820 ||| Stepping ~*~*~tactically~*~*~ (stealth).
 10083 | Lair:1   | Reached skill level 6 in Invocations
 10121 | Lair:1   | Reached skill level 10 in Fighting
 10210 | Lair:2   | 10210 ||| INVOKING Heroism.
 10339 | Lair:2   | 10339 ||| INVOKING Heroism.
 10376 | Lair:2   | 10376 ||| Stepping ~*~*~tactically~*~*~ (stealth).
 10399 | Lair:2   | 10399 ||| INVOKING Heroism.
 10479 | Lair:2   | 10479 ||| INVOKING Heroism.
 10517 | Lair:2   | 10517 ||| Stepping ~*~*~tactically~*~*~ (stealth).
 10519 | Lair:2   | 10519 ||| Stepping ~*~*~tactically~*~*~ (stealth).
 10520 | Lair:2   | 10520 ||| Stepping ~*~*~tactically~*~*~ (stealth).
 10521 | Lair:2   | 10521 ||| Stepping ~*~*~tactically~*~*~ (stealth).
 10951 | Lair:2   | 10951 ||| Stepping ~*~*~tactically~*~*~ (stealth).
 10953 | Lair:2   | 10953 ||| INVOKING Heroism.
 11239 | Lair:3   | 11239 ||| INVOKING Heroism.
 11251 | Lair:3   | Received a gift from Okawaru
 11270 | Lair:3   | Noticed a death yak
 11271 | Lair:3   | 11271 ||| INVOKING Heroism.
 11292 | Lair:3   | Killed a death yak
 11382 | Lair:3   | Reached skill level 9 in Invocations
 11384 | Lair:3   | 11384 ||| INVOKING Heroism.
 11489 | Lair:3   | Noticed a death yak
 11490 | Lair:3   | Noticed a seven-headed hydra
 11491 | Lair:3   | 11491 ||| INVOKING Heroism.
 11498 | Lair:3   | Noticed a catoblepas
 11501 | Lair:3   | Noticed a five-headed hydra
 11514 | Lair:3   | 11514 ||| SWAPPING to +0 flail.
 11515 | Lair:3   | Noticed a death yak
 11516 | Lair:3   | Reached skill level 3 in Dodging
 11526 | Lair:3   | Killed a seven-headed hydra
 11527 | Lair:3   | Reached XP level 13. HP: 66/82 MP: 20/20
 11535 | Lair:3   | 11535 ||| INVOKING Heroism.
 11543 | Lair:3   | HP: 13/82 [death yak (19)]
 11544 | Lair:3   | 11544 ||| READING 2 scrolls of teleportation.
 11544 | Lair:3   | HP: 6/82 [five-headed hydra (6)]
 11545 | Lair:3   | 11545 ||| DRINKING potion of heal wounds.
 11548 | Lair:3   | 11548 ||| FLEEEEING.
 11549 | Lair:3   | 11549 ||| STAIRDANCE
 11551 | Lair:2   | 11551 ||| SWAPPING to +2 vampiric hand axe.
 11606 | Lair:2   | 11606 ||| READING 14 scrolls of identify.
 11606 | Lair:2   | 11606 ||| IDENTIFYING puce potion
 11607 | Lair:2   | 11607 ||| DROPPING potion of berserk rage.
 11663 | Lair:3   | 11663 ||| READING scroll of enchant armour.
 11663 | Lair:3   | 11663 ||| ENCHANTING +0 plate armour.
 11739 | Lair:3   | 11739 ||| Stepping ~*~*~tactically~*~*~ (hiding).
 11754 | Lair:3   | 11754 ||| INVOKING Heroism.
 11773 | Lair:3   | 11773 ||| Stepping ~*~*~tactically~*~*~ (hiding).
 11795 | Lair:3   | Found a hole to the Spider Nest.
 11866 | Lair:3   | 11866 ||| INVOKING Heroism.
 11964 | Lair:3   | 11964 ||| INVOKING Heroism.
 12197 | Lair:3   | 12197 ||| INVOKING Heroism.
 12230 | Lair:3   | 12230 ||| Stepping ~*~*~tactically~*~*~ (stealth).
 12233 | Lair:3   | 12233 ||| Stepping ~*~*~tactically~*~*~ (stealth).
 12234 | Lair:3   | 12234 ||| Stepping ~*~*~tactically~*~*~ (stealth).
 12308 | Lair:3   | 12308 ||| INVOKING Heroism.
 12326 | Lair:3   | Found a staircase to the Swamp.
 12437 | Lair:3   | 12437 ||| Stepping ~*~*~tactically~*~*~ (stealth).
 12438 | Lair:3   | 12438 ||| INVOKING Heroism.
 12470 | Lair:3   | 12470 ||| Stepping ~*~*~tactically~*~*~ (hiding).
 12483 | Lair:3   | 12483 ||| SWAPPING to +0 flail.
 12494 | Lair:3   | Reached skill level 11 in Fighting
 12494 | Lair:3   | 12494 ||| SWAPPING to +2 vampiric hand axe.
 12499 | Lair:3   | 12499 ||| INVOKING Heroism.
 12785 | Lair:4   | 12785 ||| INVOKING Heroism.
 12813 | Lair:4   | 12813 ||| STAIRDANCE
 12815 | Lair:3   | 12815 ||| INVOKING Heroism.
 12912 | Lair:4   | Found a staircase to the Slime Pits.
 12915 | Lair:4   | Found a viscous altar of Jiyva.
 12967 | Lair:4   | 12967 ||| INVOKING Heroism.
 12972 | Lair:4   | 12972 ||| SWAPPING to +0 flail.
 12981 | Lair:4   | 12981 ||| SWAPPING to +2 vampiric hand axe.
 13087 | Lair:4   | 13087 ||| INVOKING Heroism.
 13139 | Lair:4   | 13139 ||| Stepping ~*~*~tactically~*~*~ (hiding).
 13163 | Lair:4   | 13163 ||| INVOKING Heroism.
 13272 | Lair:4   | 13272 ||| INVOKING Heroism.
 13296 | Lair:4   | Reached skill level 12 in Fighting
 13347 | Lair:4   | Received a gift from Okawaru
 13501 | Lair:4   | 13501 ||| READING 2 scrolls of enchant armour.
 13501 | Lair:4   | 13501 ||| ENCHANTING +1 plate armour.
 13502 | Lair:4   | 13502 ||| READING scroll of enchant armour.
 13502 | Lair:4   | 13502 ||| ENCHANTING +2 plate armour.
 13815 | Lair:5   | Entered Level 5 of the Lair of Beasts
 13819 | Lair:5   | 13819 ||| STAIRDANCE
 13837 | Lair:4   | Gained mutation: Your large and strong wings let you fly.
                  | [Gargoyle growth]
 13837 | Lair:4   | Reached XP level 14. HP: 92/92 MP: 21/21
 13903 | Lair:5   | 13903 ||| INVOKING Heroism.
 13913 | Lair:5   | 13913 ||| SWAPPING to +0 flail.
 13928 | Lair:5   | 13928 ||| SWAPPING to +2 vampiric hand axe.
 13997 | Lair:5   | Received a gift from Okawaru
 14044 | Lair:5   | 14044 ||| Stepping ~*~*~tactically~*~*~ (stealth).
 14072 | Lair:5   | 14072 ||| INVOKING Heroism.
 14084 | Lair:5   | 14084 ||| INVOKING Heroism.
 14170 | Lair:5   | Identified the amulet of the Sharing Gods {Reflect rElec
                  | rPois rN+ Dex+3 SH+5}
 14199 | Lair:5   | 14199 ||| INVOKING Heroism.
 14320 | Lair:5   | 14320 ||| Stepping ~*~*~tactically~*~*~ (stealth).
 14343 | Lair:5   | 14343 ||| INVOKING Heroism.
 14349 | Lair:5   | Reached skill level 13 in Fighting
 14539 | Lair:5   | Reached skill level 12 in Armour
 14639 | Lair:5   | 14639 ||| Stepping ~*~*~tactically~*~*~ (stealth).
 14640 | Lair:5   | 14640 ||| Stepping ~*~*~tactically~*~*~ (stealth).
 14661 | Lair:5   | 14661 ||| Stepping ~*~*~tactically~*~*~ (stealth).
 14672 | Lair:5   | 14672 ||| DRINKING 6 potions of curing.
 14672 | Lair:5   | 14672 ||| (to cure confusion)
 14675 | Lair:5   | Reached ***** piety under Okawaru
 14678 | Lair:5   | Received a gift from Okawaru
 14721 | Lair:5   | 14721 ||| Stepping ~*~*~tactically~*~*~ (stealth).
 14804 | Lair:5   | 14804 ||| Stepping ~*~*~tactically~*~*~ (hiding).
 14822 | Lair:5   | 14822 ||| INVOKING Heroism.
 14830 | Lair:5   | Reached skill level 3 in Throwing
 14948 | Lair:5   | 14948 ||| Stepping ~*~*~tactically~*~*~ (hiding).
 14972 | Lair:5   | 14972 ||| Stepping ~*~*~tactically~*~*~ (stealth).
 15083 | Lair:5   | 15083 ||| Stepping ~*~*~tactically~*~*~ (stealth).
 15105 | Lair:5   | Received a gift from Okawaru
 15106 | Lair:5   | Found a corrupted altar of Lugonu.
 15106 | Lair:5   | Found a one-way gate to the infinite horrors of the Abyss.
 15114 | Lair:5   | 15114 ||| READING scroll of enchant armour.
 15114 | Lair:5   | 15114 ||| ENCHANTING +3 plate armour.
 15125 | Lair:5   | Identified the ring "Miruniom" {rPois EV+5 Str+3}
 15359 | Lair:5   | Reached skill level 9 in Shields
 15381 | Lair:5   | Identified the scarf of Magic {repulsion, rN+} (Okawaru
                  | gifted it to you on level 5 of the Lair of Beasts)
 15381 | Lair:5   | Received a gift from Okawaru
 15579 | Lair:5   | 15579 ||| PLANNING D:1-11
 15579 | Lair:5   | 15579 ||| DROPPING +1 chain mail of cold resistance.
 15580 | Lair:5   | 15580 ||| UPGRADING to scarf of Magic {repulsion, rN+}.
 15590 | Lair:5   | 15590 ||| UPGRADING to amulet of the Sharing Gods {Reflect
                  | rElec rPois rN+ Dex+3 SH+5}.
 15600 | Lair:5   | 15600 ||| DROPPING amulet of reflection.
 15601 | Lair:5   | 15601 ||| DROPPING +6 ring of dexterity.
 15602 | Lair:5   | 15602 ||| UPGRADING to ring "Miruniom" {rPois EV+5 Str+3}.
 15604 | Lair:5   | 15604 ||| UPGRADING to +5 ring of evasion.
 15606 | Lair:5   | 15606 ||| DROPPING +4 ring of protection.
 15607 | Lair:5   | 15607 ||| READING 16 scrolls of identify.
 15607 | Lair:5   | 15607 ||| IDENTIFYING silvery potion
 15756 | D:10     | Entered Level 10 of the Dungeon
 16077 | D:10     | 16077 ||| Stepping ~*~*~tactically~*~*~ (hiding).
 16619 | D:11     | You are sucked into a shaft and drop 1 floor!
 16678 | D:12     | 16678 ||| DRINKING 2 green potions.
 16679 | D:12     | 16679 ||| DRINKING 6 potions of curing.
 16679 | D:12     | 16679 ||| (to cure confusion)
 16680 | D:12     | 16680 ||| DROPPING potion of ambrosia.
 16693 | D:11     | 16693 ||| INVOKING Heroism.
 16823 | D:11     | Reached XP level 15. HP: 99/99 MP: 22/22
 16889 | D:11     | 16889 ||| DROPPING +3 whip of draining.
 16982 | D:11     | 16982 ||| Stepping randomly (disturbance).
 17010 | D:11     | 17010 ||| Stepping ~*~*~tactically~*~*~ (hiding).
 17120 | D:11     | 17120 ||| Stepping ~*~*~tactically~*~*~ (stealth).
 17276 | D:11     | Reached skill level 6 in Throwing
 17398 | D:11     | 17398 ||| PLANNING D
 17398 | D:11     | 17398 ||| UPGRADING to scarf of resistance.
 17408 | D:11     | 17408 ||| DROPPING scarf of Magic {repulsion, rN+}.
 17687 | D:12     | 17687 ||| READING scroll of enchant weapon.
 17687 | D:12     | 17687 ||| ENCHANTING +2 vampiric hand axe.
 17799 | D:12     | Found a staircase to the Orcish Mines.
 17812 | D:12     | 17812 ||| READING 2 scrolls of teleportation.
 17813 | D:12     | 17813 ||| INVOKING Heroism.
 17905 | D:12     | 17905 ||| READING scroll of enchant armour.
 17905 | D:12     | 17905 ||| ENCHANTING +4 plate armour.
 17922 | D:12     | 17922 ||| Stepping ~*~*~tactically~*~*~ (stealth).
 17924 | D:12     | 17924 ||| Stepping ~*~*~tactically~*~*~ (stealth).
 17929 | D:12     | 17929 ||| INVOKING Heroism.
 17931 | D:12     | 17931 ||| READING scroll of teleportation.
 18028 | D:12     | 18028 ||| Stepping ~*~*~tactically~*~*~ (stealth).
 18031 | D:12     | 18031 ||| Stepping ~*~*~tactically~*~*~ (stealth).
 18040 | D:12     | 18040 ||| INVOKING Heroism.
 18042 | D:12     | Reached skill level 14 in Fighting
 18243 | D:13     | 18243 ||| Stepping ~*~*~tactically~*~*~ (hiding).
 18267 | D:13     | 18267 ||| Stepping ~*~*~tactically~*~*~ (hiding).
 18268 | D:13     | 18268 ||| Stepping ~*~*~tactically~*~*~ (stealth).
 18271 | D:13     | 18271 ||| INVOKING Heroism.
 18418 | D:13     | 18418 ||| Stepping ~*~*~tactically~*~*~ (hiding).
 18429 | D:13     | Reached skill level 15 in Fighting
 18442 | D:13     | 18442 ||| Stepping ~*~*~tactically~*~*~ (hiding).
 18443 | D:13     | 18443 ||| Stepping ~*~*~tactically~*~*~ (hiding).
 18446 | D:13     | 18446 ||| INVOKING Heroism.
 18777 | D:14     | Found a gate to the Vaults.
 18778 | D:14     | 18778 ||| INVOKING Heroism.
 18791 | D:14     | 18791 ||| SWAPPING to +0 flail.
 18792 | D:14     | 18792 ||| Stepping ~*~*~tactically~*~*~ (outnumbered).
 18803 | D:14     | 18803 ||| SWAPPING to +3 vampiric hand axe.
 18861 | D:14     | Reached skill level 6 in Dodging
 18961 | D:14     | 18961 ||| Stepping ~*~*~tactically~*~*~ (stealth).
 18991 | D:14     | Found an iron altar of Okawaru.
 19038 | D:14     | 19038 ||| INVOKING Heroism.
 19039 | D:14     | 19039 ||| INVOKING Finesse.
 19055 | D:14     | 19055 ||| SWAPPING to +0 flail.
 19063 | D:14     | 19063 ||| SWAPPING to +3 vampiric hand axe.
 19706 | D:15     | Entered Level 15 of the Dungeon
 19773 | D:15     | Found the +9 staff of Olgreb {rPois∞}
 19775 | D:15     | 19775 ||| Stepping ~*~*~tactically~*~*~ (hiding).
 19785 | D:15     | 19785 ||| INVOKING Heroism.
 19838 | D:15     | 19838 ||| DROPPING +0 flail.
 19847 | D:15     | Noticed an emperor scorpion
 19847 | D:15     | Noticed an emperor scorpion
 19859 | D:15     | 19859 ||| Stepping ~*~*~tactically~*~*~ (hiding).
 19861 | D:15     | 19861 ||| Stepping ~*~*~tactically~*~*~ (hiding).
 19861 | D:15     | Noticed an emperor scorpion
 19862 | D:15     | 19862 ||| Stepping ~*~*~tactically~*~*~ (hiding).
 19902 | D:15     | 19902 ||| Stepping ~*~*~tactically~*~*~ (hiding).
 19912 | D:15     | Identified the +6 broad axe of Melee {flame, rF+++ Str-3}
                  | (Okawaru gifted it to you on level 15 of the Dungeon)
 19912 | D:15     | Received a gift from Okawaru
 19914 | D:15     | 19914 ||| SWAPPING to +6 broad axe of Melee {flame, rF+++
                  | Str-3}.
 19915 | D:15     | 19915 ||| DROPPING +3 vampiric hand axe.
 19916 | D:15     | 19916 ||| DROPPING +0 morningstar.
 19918 | D:15     | Noticed an emperor scorpion
 19927 | D:15     | 19927 ||| Stepping ~*~*~tactically~*~*~ (stealth).
 19960 | D:15     | 19960 ||| INVOKING Heroism.
 19968 | D:15     | 19968 ||| READING scroll of teleportation.
 20128 | D:15     | Found a runed translucent door.
 20129 | D:15     | Found a runed translucent gate.
 20129 | D:15     | Found a runed translucent gate.
 20129 | D:15     | Noticed an emperor scorpion
 20285 | D:15     | 20285 ||| Stepping ~*~*~tactically~*~*~ (stealth).
 20322 | D:15     | 20322 ||| Stepping ~*~*~tactically~*~*~ (hiding).
 20325 | D:15     | 20325 ||| Stepping ~*~*~tactically~*~*~ (hiding).
 20327 | D:15     | 20327 ||| Stepping ~*~*~tactically~*~*~ (hiding).
 20328 | D:15     | 20328 ||| Stepping ~*~*~tactically~*~*~ (hiding).
 20357 | D:15     | 20357 ||| Stepping ~*~*~tactically~*~*~ (stealth).
 20359 | D:15     | 20359 ||| Stepping ~*~*~tactically~*~*~ (hiding).
 20361 | D:15     | 20361 ||| Stepping ~*~*~tactically~*~*~ (hiding).
 20445 | D:15     | Noticed an emperor scorpion
 20451 | D:15     | Found a runed translucent door.
 20455 | D:15     | Found a runed translucent gate.
 20568 | D:15     | 20568 ||| Stepping ~*~*~tactically~*~*~ (stealth).
 20570 | D:15     | 20570 ||| Stepping ~*~*~tactically~*~*~ (stealth).
 20574 | D:15     | 20574 ||| Stepping ~*~*~tactically~*~*~ (stealth).
 20576 | D:15     | 20576 ||| INVOKING Heroism.
 20590 | D:15     | Reached XP level 16. HP: 108/108 MP: 21/23
 20601 | D:15     | Found a staircase to the Depths.
 20750 | D:15     | 20750 ||| PLANNING ORC
 20750 | D:15     | 20750 ||| UPGRADING to +2 cloak.
 20876 | Orc:1    | Entered Level 1 of the Orcish Mines
 20877 | Orc:1    | 20877 ||| INVOKING Heroism.
 20906 | Orc:1    | 20906 ||| DROPPING +0 war axe.
 20992 | Orc:1    | Found a burning altar of Makhleb.
 21002 | Orc:1    | 21002 ||| Stepping ~*~*~tactically~*~*~ (stealth).
 21003 | Orc:1    | 21003 ||| Stepping ~*~*~tactically~*~*~ (stealth).
 21031 | Orc:1    | Found Riasedd's Distillery.
 21036 | Orc:1    | 21036 ||| BUYING potion of curing (36 gold).
 21036 | Orc:1    | Bought a potion of curing for 36 gold pieces
 21036 | Orc:1    | 21036 ||| BUYING potion of curing (36 gold).
 21036 | Orc:1    | Bought a potion of curing for 36 gold pieces
 21036 | Orc:1    | 21036 ||| BUYING potion of curing (36 gold).
 21036 | Orc:1    | Bought a potion of curing for 36 gold pieces
 21036 | Orc:1    | 21036 ||| BUYING potion of curing (36 gold).
 21036 | Orc:1    | Bought a potion of curing for 36 gold pieces
 21036 | Orc:1    | 21036 ||| BUYING potion of curing (36 gold).
 21036 | Orc:1    | Bought a potion of curing for 36 gold pieces
 21036 | Orc:1    | 21036 ||| BUYING potion of experience (600 gold).
 21036 | Orc:1    | Bought a potion of experience for 600 gold pieces
 21036 | Orc:1    | 21036 ||| DRINKING potion of experience.
 21036 | Orc:1    | Reached skill level 15 in Axes
 21036 | Orc:1    | Reached XP level 17. HP: 113/113 MP: 24/24
 21155 | Orc:2    | Entered Level 2 of the Orcish Mines
 21445 | Orc:2    | 21445 ||| Stepping ~*~*~tactically~*~*~ (hiding).
 21502 | Orc:2    | Found a staircase to the Elven Halls.
 21508 | Orc:2    | 21508 ||| Stepping ~*~*~tactically~*~*~ (stealth).
 21615 | Orc:2    | 21615 ||| Stepping ~*~*~tactically~*~*~ (stealth).
 21622 | Orc:2    | 21622 ||| Stepping ~*~*~tactically~*~*~ (hiding).
 21646 | Orc:2    | 21646 ||| INVOKING Heroism.
 21669 | Orc:2    | Received a gift from Okawaru
 21680 | Orc:2    | 21680 ||| FLEEEEING.
 21681 | Orc:2    | 21681 ||| FLEEEEING.
 21682 | Orc:2    | 21682 ||| FLEEEEING.
 21683 | Orc:2    | 21683 ||| FLEEEEING.
 21684 | Orc:2    | 21684 ||| FLEEEEING.
 21685 | Orc:2    | 21685 ||| FLEEEEING.
 21691 | Orc:2    | 21691 ||| FLEEEEING.
 21692 | Orc:2    | 21692 ||| FLEEEEING.
 21693 | Orc:2    | 21693 ||| FLEEEEING.
 21694 | Orc:2    | 21694 ||| FLEEEEING.
 21695 | Orc:2    | 21695 ||| FLEEEEING.
 21739 | Orc:2    | Noticed Josephine
 21749 | Orc:2    | Killed Josephine
 21752 | Orc:2    | 21752 ||| INVOKING Heroism.
 21779 | Orc:2    | HP: 25/113 [orc knight/+0 bardiche (10)]
 21780 | Orc:2    | 21780 ||| DRINKING 4 potions of heal wounds.
 21781 | Orc:2    | 21781 ||| INVOKING Heroism.
 21846 | Orc:2    | Found Lounajou's Distillery.
 21846 | Orc:2    | Found Xitrobea's Assorted Antiques.
 21847 | Orc:2    | Found Kuigan's Armour Shoppe.
 21847 | Orc:2    | Found Athridgh's Antique Weapon Emporium.
 21855 | Orc:2    | 21855 ||| BUYING brown potion (27 gold).
 21855 | Orc:2    | Bought a brown potion for 27 gold pieces
 21855 | Orc:2    | 21855 ||| BUYING potion of haste (300 gold).
 21855 | Orc:2    | Bought a potion of haste for 300 gold pieces
 21855 | Orc:2    | 21855 ||| BUYING potion of lignification (90 gold).
 21855 | Orc:2    | Bought a potion of lignification for 90 gold pieces
 21855 | Orc:2    | 21855 ||| BUYING runed helmet (225 gold).
 21855 | Orc:2    | Bought a runed helmet for 225 gold pieces
 21856 | Orc:2    | 21856 ||| SHOPLISTING +0 plate armour of cold resistance
                  | (450 gold, have 49).
 21859 | Orc:2    | 21859 ||| SHOPLISTING 2 potions of attraction (60 gold,
                  | have 49).
 21859 | Orc:2    | 21859 ||| BUYING potion of curing (30 gold).
 21859 | Orc:2    | Bought a potion of curing for 30 gold pieces
 21859 | Orc:2    | 21859 ||| SHOPLISTING potion of haste (100 gold, have 19).
 21859 | Orc:2    | 21859 ||| SHOPLISTING potion of might (40 gold, have 19).
 21978 | Orc:2    | Found a runed translucent door.
 21978 | Orc:2    | Noticed qw's ghost (adept GrFi)
 22162 | Orc:2    | 22162 ||| PLANNING SPIDER:1-3
 22162 | Orc:2    | 22162 ||| READING 24 scrolls of identify.
 22162 | Orc:2    | 22162 ||| IDENTIFYING brown potion
 22163 | Orc:2    | 22163 ||| DROPPING potion of invisibility.
 22392 | Spider:1 | Entered Level 1 of the Spider Nest
 22408 | Spider:1 | 22408 ||| INVOKING Finesse.
 22498 | Spider:1 | 22498 ||| INVOKING Heroism.
 22518 | Spider:1 | Received a gift from Okawaru
 22680 | Spider:1 | 22680 ||| Stepping ~*~*~tactically~*~*~ (stealth).
 22683 | Spider:1 | 22683 ||| INVOKING Heroism.
 22689 | Spider:1 | 22689 ||| Stepping ~*~*~tactically~*~*~ (stealth).
 22822 | Spider:1 | 22822 ||| INVOKING Heroism.
 22865 | Spider:1 | 22865 ||| Stepping ~*~*~tactically~*~*~ (stealth).
 22866 | Spider:1 | 22866 ||| Stepping ~*~*~tactically~*~*~ (stealth).
 22867 | Spider:1 | 22867 ||| Stepping ~*~*~tactically~*~*~ (stealth).
 22868 | Spider:1 | 22868 ||| INVOKING Heroism.
 22880 | Spider:1 | 22880 ||| Stepping randomly (disturbance).
 22881 | Spider:1 | 22881 ||| Stepping randomly (disturbance).
 23303 | Spider:1 | Noticed Frances
 23304 | Spider:1 | 23304 ||| Stepping ~*~*~tactically~*~*~ (hiding).
 23305 | Spider:1 | 23305 ||| Stepping ~*~*~tactically~*~*~ (hiding).
 23311 | Spider:1 | 23311 ||| INVOKING Heroism.
 23312 | Spider:1 | 23312 ||| INVOKING Finesse.
 23324 | Spider:1 | Killed Frances
 23518 | Spider:1 | 23518 ||| UPGRADING to +0 kite shield.
 23528 | Spider:1 | 23528 ||| DROPPING +0 buckler.
 23559 | Spider:2 | 23559 ||| INVOKING Finesse.
 23565 | Spider:2 | 23565 ||| STAIRDANCE
 23567 | Spider:1 | 23567 ||| DRINKING 13 potions of curing.
 23567 | Spider:1 | 23567 ||| (to cure confusion)
 23606 | Spider:2 | Received a gift from Okawaru
 23640 | Spider:2 | 23640 ||| Stepping ~*~*~tactically~*~*~ (stealth).
 23642 | Spider:2 | 23642 ||| Stepping ~*~*~tactically~*~*~ (stealth).
 23647 | Spider:2 | 23647 ||| INVOKING Heroism.
 23648 | Spider:2 | 23648 ||| INVOKING Finesse.
 23650 | Spider:2 | Noticed Azrael
 23676 | Spider:2 | Killed Azrael
 23742 | Spider:2 | 23742 ||| Stepping ~*~*~tactically~*~*~ (stealth).
 23752 | Spider:2 | 23752 ||| Stepping ~*~*~tactically~*~*~ (stealth).
 23772 | Spider:2 | 23772 ||| INVOKING Finesse.
 23799 | Spider:2 | 23799 ||| DRINKING 12 potions of curing.
 23799 | Spider:2 | 23799 ||| (to cure confusion)
 23801 | Spider:2 | Received a gift from Okawaru
 23827 | Spider:2 | 23827 ||| INVOKING Heroism.
 23842 | Spider:2 | Reached skill level 12 in Shields
 23869 | Spider:2 | 23869 ||| Stepping ~*~*~tactically~*~*~ (hiding).
 24076 | Spider:2 | Received a gift from Okawaru
 24088 | Spider:2 | Reached XP level 18. HP: 100/119 MP: 25/25
 24124 | Spider:2 | Noticed Arachne
 24125 | Spider:2 | 24125 ||| INVOKING Finesse.
 24143 | Spider:2 | Killed Arachne
 24635 | Spider:2 | 24635 ||| DROPPING scarf of repulsion.
 24694 | Spider:3 | 24694 ||| Stepping ~*~*~tactically~*~*~ (hiding).
 24695 | Spider:3 | 24695 ||| INVOKING Heroism.
 24718 | Spider:3 | 24718 ||| INVOKING Heroism.
 24759 | Spider:3 | 24759 ||| Stepping ~*~*~tactically~*~*~ (hiding).
 24870 | Spider:3 | 24870 ||| Stepping ~*~*~tactically~*~*~ (hiding).
 24873 | Spider:3 | 24873 ||| Stepping ~*~*~tactically~*~*~ (hiding).
 24887 | Spider:3 | 24887 ||| INVOKING Heroism.
 25052 | Spider:3 | Received a gift from Okawaru
 25069 | Spider:3 | 25069 ||| Stepping ~*~*~tactically~*~*~ (stealth).
 25079 | Spider:3 | Reached skill level 18 in Axes
 25098 | Spider:3 | 25098 ||| Stepping ~*~*~tactically~*~*~ (hiding).
 25207 | Spider:3 | 25207 ||| INVOKING Heroism.
 25240 | Spider:3 | 25240 ||| Stepping ~*~*~tactically~*~*~ (stealth).
 25253 | Spider:3 | 25253 ||| INVOKING Heroism.
 25309 | Spider:3 | 25309 ||| INVOKING Heroism.
 25352 | Spider:3 | 25352 ||| Stepping ~*~*~tactically~*~*~ (hiding).
 25410 | Spider:3 | 25410 ||| INVOKING Heroism.
 25578 | Spider:3 | 25578 ||| DRINKING 11 potions of curing.
 25578 | Spider:3 | 25578 ||| (to cure confusion)
 25791 | Spider:3 | 25791 ||| PLANNING SWAMP:1-3
 25943 | Swamp:1  | Entered Level 1 of the Swamp
 25944 | Swamp:1  | 25944 ||| INVOKING Heroism.
 26007 | Swamp:1  | 26007 ||| INVOKING Heroism.
 26128 | Swamp:1  | 26128 ||| Stepping ~*~*~tactically~*~*~ (stealth).
 26130 | Swamp:1  | 26130 ||| Stepping ~*~*~tactically~*~*~ (hiding).
 26249 | Swamp:1  | 26249 ||| Stepping ~*~*~tactically~*~*~ (hiding).
 26252 | Swamp:1  | Noticed Mlioglotl
 26254 | Swamp:1  | 26254 ||| INVOKING Heroism.
 26281 | Swamp:1  | Killed Mlioglotl
 26423 | Swamp:1  | 26423 ||| Stepping ~*~*~tactically~*~*~ (hiding).
 26451 | Swamp:1  | 26451 ||| Stepping ~*~*~tactically~*~*~ (hiding).
 26472 | Swamp:1  | Received a gift from Okawaru
 26487 | Swamp:1  | 26487 ||| Stepping ~*~*~tactically~*~*~ (stealth).
 26787 | Swamp:2  | 26787 ||| INVOKING Heroism.
 26867 | Swamp:2  | 26867 ||| INVOKING Heroism.
 26877 | Swamp:2  | Reached skill level 15 in Shields
 26946 | Swamp:2  | 26946 ||| INVOKING Heroism.
 26996 | Swamp:2  | Identified the +0 kite shield of Dithmenos {Rampage Drain
                  | rPois Regen+}
 27001 | Swamp:2  | 27001 ||| INVOKING Heroism.
 27054 | Swamp:2  | Identified the +3 arbalest of the Shark {drain, rF- rC+++
                  | rN+ Int+3}
 27298 | Swamp:2  | 27298 ||| Stepping ~*~*~tactically~*~*~ (stealth).
 27312 | Swamp:2  | 27312 ||| Stepping ~*~*~tactically~*~*~ (hiding).
 27362 | Swamp:2  | 27362 ||| INVOKING Heroism.
 27419 | Swamp:2  | 27419 ||| DROPPING +2 hat.
 27420 | Swamp:2  | 27420 ||| UPGRADING to +0 kite shield of Dithmenos {Rampage
                  | Drain rPois Regen+}.
 27430 | Swamp:2  | 27430 ||| DROPPING +0 kite shield.
 27459 | Swamp:3  | 27459 ||| Stepping ~*~*~tactically~*~*~ (hiding).
 27582 | Swamp:3  | 27582 ||| INVOKING Heroism.
 27589 | Swamp:3  | 27589 ||| Stepping ~*~*~tactically~*~*~ (hiding).
 27673 | Swamp:3  | 27673 ||| INVOKING Heroism.
 27738 | Swamp:3  | 27738 ||| Stepping ~*~*~tactically~*~*~ (stealth).
 27740 | Swamp:3  | 27740 ||| INVOKING Heroism.
 27756 | Swamp:3  | 27756 ||| Stepping ~*~*~tactically~*~*~ (hiding).
 27891 | Swamp:3  | 27891 ||| INVOKING Heroism.
 28010 | Swamp:3  | Received a gift from Okawaru
 28220 | Swamp:3  | 28220 ||| PLANNING SPIDER:4
 28379 | Spider:4 | Entered Level 4 of the Spider Nest
 28381 | Spider:4 | 28381 ||| Stepping ~*~*~tactically~*~*~ (hiding).
 28382 | Spider:4 | 28382 ||| INVOKING Heroism.
 28386 | Spider:4 | Reached skill level 16 in Fighting
 28400 | Spider:4 | Reached XP level 19. HP: 123/125 MP: 26/26
 28409 | Spider:4 | 28409 ||| Stepping ~*~*~tactically~*~*~ (stealth).
 28410 | Spider:4 | 28410 ||| Stepping ~*~*~tactically~*~*~ (stealth).
 28419 | Spider:4 | 28419 ||| STAIRDANCE
 28535 | Spider:4 | Received a gift from Okawaru
 28538 | Spider:4 | 28538 ||| STAIRDANCE
 28651 | Spider:4 | 28651 ||| STAIRDANCE
 28768 | Spider:4 | 28768 ||| INVOKING Heroism.
 28838 | Spider:4 | Noticed Aizul
 28839 | Spider:4 | 28839 ||| INVOKING Heroism.
 28847 | Spider:4 | Killed Aizul
 28848 | Spider:4 | Reached skill level 15 in Armour
 28903 | Spider:4 | 28903 ||| INVOKING Heroism.
 28928 | Spider:4 | 28928 ||| Stepping ~*~*~tactically~*~*~ (hiding).
 29097 | Spider:4 | 29097 ||| Stepping ~*~*~tactically~*~*~ (stealth).
 29165 | Spider:4 | 29165 ||| Stepping ~*~*~tactically~*~*~ (hiding).
 29166 | Spider:4 | 29166 ||| Stepping ~*~*~tactically~*~*~ (hiding).
 29172 | Spider:4 | 29172 ||| INVOKING Heroism.
 29250 | Spider:4 | 29250 ||| INVOKING Heroism.
 29256 | Spider:4 | 29256 ||| Stepping ~*~*~tactically~*~*~ (stealth).
 29261 | Spider:4 | 29261 ||| Stepping ~*~*~tactically~*~*~ (stealth).
 29268 | Spider:4 | 29268 ||| Stepping ~*~*~tactically~*~*~ (stealth).
 29274 | Spider:4 | 29274 ||| Stepping ~*~*~tactically~*~*~ (hiding).
 29284 | Spider:4 | Received a gift from Okawaru
 29342 | Spider:4 | 29342 ||| Stepping randomly (disturbance).
 29472 | Spider:4 | 29472 ||| Stepping ~*~*~tactically~*~*~ (stealth).
 29473 | Spider:4 | Noticed Roxanne
 29474 | Spider:4 | 29474 ||| INVOKING Heroism.
 29512 | Spider:4 | 29512 ||| INVOKING Heroism.
 29514 | Spider:4 | Killed Roxanne
 29591 | Spider:4 | 29591 ||| Stepping ~*~*~tactically~*~*~ (hiding).
 29598 | Spider:4 | 29598 ||| Stepping ~*~*~tactically~*~*~ (hiding).
 29600 | Spider:4 | Reached skill level 9 in Throwing
 29640 | Spider:4 | 29640 ||| Stepping ~*~*~tactically~*~*~ (stealth).
 29667 | Spider:4 | 29667 ||| INVOKING Heroism.
 29703 | Spider:4 | 29703 ||| INVOKING Heroism.
 29757 | Spider:4 | Got a gossamer rune of Zot
 29874 | Spider:4 | 29874 ||| PLANNING VAULTS:1-4
 29874 | Spider:4 | 29874 ||| DROPPING scarf of harm.
 30181 | Vaults:1 | Entered Level 1 of the Vaults
 30196 | Vaults:1 | Noticed Nikola
 30197 | Vaults:1 | 30197 ||| INVOKING Heroism.
 30209 | Vaults:1 | Killed Nikola
 30210 | Vaults:1 | 30210 ||| FLEEEEING.
 30211 | Vaults:1 | 30211 ||| FLEEEEING.
 30214 | Vaults:1 | 30214 ||| Stepping ~*~*~tactically~*~*~ (hiding).
 30233 | Vaults:1 | Received a gift from Okawaru
 30248 | Vaults:1 | Reached skill level 17 in Fighting
 30302 | Vaults:1 | Identified the +3 ring mail of Beyond {Str+2}
 30312 | Vaults:1 | Found a runed translucent door.
 30464 | Vaults:1 | 30464 ||| Stepping ~*~*~tactically~*~*~ (stealth).
 30487 | Vaults:1 | 30487 ||| Stepping ~*~*~tactically~*~*~ (stealth).
 30488 | Vaults:1 | 30488 ||| Stepping ~*~*~tactically~*~*~ (stealth).
 30489 | Vaults:1 | 30489 ||| Stepping ~*~*~tactically~*~*~ (stealth).
 30496 | Vaults:1 | 30496 ||| Stepping ~*~*~tactically~*~*~ (stealth).
 30498 | Vaults:1 | 30498 ||| Stepping ~*~*~tactically~*~*~ (stealth).
 30499 | Vaults:1 | 30499 ||| Stepping ~*~*~tactically~*~*~ (stealth).
 30502 | Vaults:1 | Identified the +1 scale mail of Lugonu's Respect {rPois
                  | rCorr Str-4 SInv}
 30623 | Vaults:1 | Identified the +0 scale mail of Dogmatism {Will+ Int+4
                  | Slay-4 Stlth+}
 30753 | Vaults:1 | Received a gift from Okawaru
 31085 | Vaults:1 | Found a runed translucent door.
 31085 | Vaults:1 | Found a shimmering altar of Xom.
 31085 | Vaults:1 | Noticed TuffENuff's ghost (veteran FoFi)
 31143 | Vaults:1 | Identified the +6 quarterstaff of Joyful Slaughter {drain,
                  | rPois rCorr Stlth+}
 31345 | Vaults:1 | 31345 ||| UPGRADING to +0 pair of gloves.
 31423 | Vaults:2 | 31423 ||| INVOKING Heroism.
 31475 | Vaults:2 | Received a gift from Okawaru
 31481 | Vaults:2 | 31481 ||| INVOKING Heroism.
 31579 | Vaults:2 | 31579 ||| Stepping ~*~*~tactically~*~*~ (hiding).
 31583 | Vaults:2 | 31583 ||| INVOKING Heroism.
 31604 | Vaults:2 | Received a gift from Okawaru
 31632 | Vaults:2 | 31632 ||| Stepping ~*~*~tactically~*~*~ (stealth).
 31633 | Vaults:2 | 31633 ||| Stepping ~*~*~tactically~*~*~ (stealth).
 31717 | Vaults:2 | 31717 ||| Stepping ~*~*~tactically~*~*~ (hiding).
 31718 | Vaults:2 | 31718 ||| Stepping ~*~*~tactically~*~*~ (hiding).
 31719 | Vaults:2 | 31719 ||| Stepping ~*~*~tactically~*~*~ (hiding).
 31737 | Vaults:2 | Reached XP level 20. HP: 134/134 MP: 27/27
 31941 | Vaults:2 | Found a staircase to the Crypt.
 31942 | Vaults:2 | 31942 ||| Stepping ~*~*~tactically~*~*~ (hiding).
 32218 | Vaults:2 | Received a gift from Okawaru
 32308 | Vaults:2 | Received a gift from Okawaru
 32568 | Vaults:2 | 32568 ||| Stepping ~*~*~tactically~*~*~ (hiding).
 32570 | Vaults:2 | 32570 ||| Stepping ~*~*~tactically~*~*~ (hiding).
 32593 | Vaults:2 | 32593 ||| Stepping ~*~*~tactically~*~*~ (stealth).
 32601 | Vaults:2 | 32601 ||| Stepping ~*~*~tactically~*~*~ (stealth).
 32630 | Vaults:2 | 32630 ||| Stepping ~*~*~tactically~*~*~ (hiding).
 32632 | Vaults:2 | 32632 ||| Stepping ~*~*~tactically~*~*~ (hiding).
 32653 | Vaults:2 | Identified the +3 battleaxe of Linearity {drain, rPois
                  | Int+5 Dex+3} (Okawaru gifted it to you on level 2 of the
                  | Vaults)
 32653 | Vaults:2 | Received a gift from Okawaru
 32846 | Vaults:2 | 32846 ||| Stepping ~*~*~tactically~*~*~ (stealth).
 32848 | Vaults:2 | 32848 ||| Stepping ~*~*~tactically~*~*~ (stealth).
 32849 | Vaults:2 | 32849 ||| Stepping ~*~*~tactically~*~*~ (stealth).
 32880 | Vaults:2 | 32880 ||| UPGRADING to +0 tower shield.
 32890 | Vaults:2 | 32890 ||| DROPPING +0 kite shield of Dithmenos {Rampage
                  | Drain rPois Regen+}.
 32972 | Vaults:3 | 32972 ||| Stepping ~*~*~tactically~*~*~ (hiding).
 32974 | Vaults:3 | 32974 ||| Stepping ~*~*~tactically~*~*~ (hiding).
 32976 | Vaults:3 | 32976 ||| Stepping ~*~*~tactically~*~*~ (hiding).
 33094 | Vaults:3 | Identified the +6 triple crossbow of Defenestration {speed,
                  | Will- Int+4 SInv}
 33145 | Vaults:3 | 33145 ||| Stepping ~*~*~tactically~*~*~ (hiding).
 33146 | Vaults:3 | 33146 ||| Stepping ~*~*~tactically~*~*~ (hiding).
 33148 | Vaults:3 | 33148 ||| FLEEEEING.
 33149 | Vaults:3 | 33149 ||| FLEEEEING.
 33150 | Vaults:3 | 33150 ||| FLEEEEING.
 33151 | Vaults:3 | 33151 ||| Stepping ~*~*~tactically~*~*~ (hiding).
 33154 | Vaults:3 | 33154 ||| Stepping ~*~*~tactically~*~*~ (hiding).
 33347 | Vaults:3 | 33347 ||| READING scroll of acquirement.
 33347 | Vaults:3 | 33347 ||| ACQUIRING +5 broad axe of Conscience {vamp, SInv}
 33347 | Vaults:3 | Acquired the +5 broad axe of Conscience {vamp, SInv}
 33349 | Vaults:3 | 33349 ||| SWAPPING to +5 broad axe of Conscience {vamp,
                  | SInv}.
 33350 | Vaults:3 | 33350 ||| DROPPING +1 vampiric war axe.
 33408 | Vaults:3 | 33408 ||| FLEEEEING.
 33409 | Vaults:3 | 33409 ||| FLEEEEING.
 33410 | Vaults:3 | 33410 ||| FLEEEEING.
 33411 | Vaults:3 | 33411 ||| FLEEEEING.
 33412 | Vaults:3 | 33412 ||| FLEEEEING.
 33413 | Vaults:3 | 33413 ||| FLEEEEING.
 33414 | Vaults:3 | 33414 ||| FLEEEEING.
 33415 | Vaults:3 | 33415 ||| FLEEEEING.
 33416 | Vaults:3 | 33416 ||| FLEEEEING.
 33417 | Vaults:3 | 33417 ||| FLEEEEING.
 33418 | Vaults:3 | 33418 ||| FLEEEEING.
 33419 | Vaults:3 | 33419 ||| FLEEEEING.
 33420 | Vaults:3 | 33420 ||| FLEEEEING.
 33421 | Vaults:3 | 33421 ||| FLEEEEING.
 33422 | Vaults:3 | 33422 ||| FLEEEEING.
 33423 | Vaults:3 | 33423 ||| FLEEEEING.
 33424 | Vaults:3 | 33424 ||| FLEEEEING.
 33425 | Vaults:3 | 33425 ||| FLEEEEING.
 33426 | Vaults:3 | 33426 ||| FLEEEEING.
 33427 | Vaults:3 | 33427 ||| FLEEEEING.
 33442 | Vaults:3 | 33442 ||| FLEEEEING.
 33446 | Vaults:3 | 33446 ||| INVOKING Finesse.
 33567 | Vaults:3 | 33567 ||| INVOKING Finesse.
 33706 | Vaults:3 | 33706 ||| Stepping ~*~*~tactically~*~*~ (stealth).
 33708 | Vaults:3 | 33708 ||| Stepping ~*~*~tactically~*~*~ (hiding).
 33737 | Vaults:3 | 33737 ||| Stepping ~*~*~tactically~*~*~ (hiding).
 33879 | Vaults:3 | Received a gift from Okawaru
 34010 | Vaults:3 | Found Ricvoles's Weapon Shop.
 34649 | Vaults:3 | 34649 ||| UPGRADING to scarf of resistance.
 34659 | Vaults:3 | 34659 ||| UPGRADING to amulet of faith.
 34718 | Vaults:4 | 34718 ||| Stepping ~*~*~tactically~*~*~ (stealth).
 34760 | Vaults:4 | 34760 ||| INVOKING Heroism.
 34802 | Vaults:4 | Reached skill level 18 in Shields
 34863 | Vaults:4 | Found Vaowk's Antique Armour Boutique.
 34877 | Vaults:4 | 34877 ||| Stepping ~*~*~tactically~*~*~ (hiding).
 34880 | Vaults:4 | 34880 ||| FLEEEEING.
 34881 | Vaults:4 | 34881 ||| FLEEEEING.
 34882 | Vaults:4 | 34882 ||| FLEEEEING.
 34939 | Vaults:4 | 34939 ||| Stepping ~*~*~tactically~*~*~ (hiding).
 34955 | Vaults:4 | 34955 ||| Stepping ~*~*~tactically~*~*~ (hiding).
 34962 | Vaults:4 | Received a gift from Okawaru
 35022 | Vaults:4 | Reached XP level 21. HP: 140/140 MP: 28/28
 35040 | Vaults:4 | 35040 ||| INVOKING Heroism.
 35054 | Vaults:4 | Received a gift from Okawaru
 35067 | Vaults:4 | 35067 ||| Stepping ~*~*~tactically~*~*~ (stealth).
 35068 | Vaults:4 | 35068 ||| Stepping ~*~*~tactically~*~*~ (stealth).
 35163 | Vaults:4 | 35163 ||| Stepping ~*~*~tactically~*~*~ (stealth).
 35186 | Vaults:4 | Reached ****** piety under Okawaru
 35209 | Vaults:4 | 35209 ||| Stepping ~*~*~tactically~*~*~ (stealth).
 35219 | Vaults:4 | Received a gift from Okawaru
 35240 | Vaults:4 | 35240 ||| Stepping ~*~*~tactically~*~*~ (stealth).
 35241 | Vaults:4 | 35241 ||| Stepping ~*~*~tactically~*~*~ (stealth).
 35243 | Vaults:4 | 35243 ||| Stepping ~*~*~tactically~*~*~ (hiding).
 35312 | Vaults:4 | 35312 ||| Stepping ~*~*~tactically~*~*~ (hiding).
 35316 | Vaults:4 | 35316 ||| Stepping ~*~*~tactically~*~*~ (hiding).
 35317 | Vaults:4 | 35317 ||| Stepping ~*~*~tactically~*~*~ (hiding).
 35324 | Vaults:4 | 35324 ||| Stepping ~*~*~tactically~*~*~ (stealth).
 35340 | Vaults:4 | 35340 ||| Stepping ~*~*~tactically~*~*~ (stealth).
 35395 | Vaults:4 | 35395 ||| Stepping ~*~*~tactically~*~*~ (stealth).
 35463 | Vaults:4 | Reached skill level 18 in Fighting
 35856 | Vaults:4 | 35856 ||| Stepping ~*~*~tactically~*~*~ (hiding).
 35857 | Vaults:4 | 35857 ||| Stepping ~*~*~tactically~*~*~ (hiding).
 35858 | Vaults:4 | 35858 ||| Stepping ~*~*~tactically~*~*~ (hiding).
 36007 | Vaults:4 | 36007 ||| PLANNING SWAMP:4
 36007 | Vaults:4 | 36007 ||| DROPPING amulet of the acrobat.
 36410 | Swamp:4  | Entered Level 4 of the Swamp
 36529 | Swamp:4  | 36529 ||| Stepping ~*~*~tactically~*~*~ (stealth).
 36556 | Swamp:4  | 36556 ||| READING scroll of enchant armour.
 36556 | Swamp:4  | 36556 ||| ENCHANTING +0 pair of gloves.
 36616 | Swamp:4  | 36616 ||| Stepping ~*~*~tactically~*~*~ (stealth).
 36618 | Swamp:4  | 36618 ||| Stepping ~*~*~tactically~*~*~ (hiding).
 36634 | Swamp:4  | 36634 ||| Stepping ~*~*~tactically~*~*~ (stealth).
 36635 | Swamp:4  | 36635 ||| Stepping ~*~*~tactically~*~*~ (stealth).
 36882 | Swamp:4  | 36882 ||| Stepping ~*~*~tactically~*~*~ (stealth).
 36911 | Swamp:4  | 36911 ||| Stepping ~*~*~tactically~*~*~ (stealth).
 36913 | Swamp:4  | 36913 ||| Stepping ~*~*~tactically~*~*~ (stealth).
 36972 | Swamp:4  | 36972 ||| Stepping ~*~*~tactically~*~*~ (stealth).
 37249 | Swamp:4  | 37249 ||| Waiting for clouds to move.
 37250 | Swamp:4  | 37250 ||| Waiting for clouds to move.
 37251 | Swamp:4  | 37251 ||| Waiting for clouds to move.
 37252 | Swamp:4  | 37252 ||| Waiting for clouds to move.
 37276 | Swamp:4  | 37276 ||| Waiting for clouds to move.
 37277 | Swamp:4  | 37277 ||| Waiting for clouds to move.
 37324 | Swamp:4  | Got a decaying rune of Zot
 37325 | Swamp:4  | 37325 ||| PLANNING DEPTHS
 37708 | Depths:1 | Entered Level 1 of the Depths
 37713 | Depths:1 | Received a gift from Okawaru
 37715 | Depths:1 | 37715 ||| Stepping ~*~*~tactically~*~*~ (stealth).
 37719 | Depths:1 | 37719 ||| INVOKING Finesse.
 37752 | Depths:1 | Reached skill level 19 in Fighting
 37758 | Depths:1 | Noticed Mara
 37759 | Depths:1 | 37759 ||| INVOKING Heroism.
 37781 | Depths:1 | Identified the +1 robe of Uxira {rN+ Int+3} (Okawaru gifted
                  | it to you on level 1 of the Depths)
 37781 | Depths:1 | Received a gift from Okawaru
 37788 | Depths:1 | 37788 ||| INVOKING Finesse.
 37789 | Depths:1 | Noticed qw's illusion
 37791 | Depths:1 | 37791 ||| INVOKING Heroism.
 37846 | Depths:1 | Killed Mara
 37896 | Depths:1 | 37896 ||| Stepping ~*~*~tactically~*~*~ (stealth).
 37897 | Depths:1 | 37897 ||| Stepping ~*~*~tactically~*~*~ (stealth).
 37899 | Depths:1 | 37899 ||| Stepping ~*~*~tactically~*~*~ (stealth).
 37901 | Depths:1 | 37901 ||| Stepping ~*~*~tactically~*~*~ (stealth).
 37903 | Depths:1 | 37903 ||| INVOKING Finesse.
 37952 | Depths:1 | 37952 ||| Stepping ~*~*~tactically~*~*~ (stealth).
 37956 | Depths:1 | 37956 ||| Stepping ~*~*~tactically~*~*~ (stealth).
 37957 | Depths:1 | 37957 ||| Stepping ~*~*~tactically~*~*~ (stealth).
 37960 | Depths:1 | 37960 ||| Stepping ~*~*~tactically~*~*~ (stealth).
 38086 | Depths:1 | 38086 ||| Stepping ~*~*~tactically~*~*~ (stealth).
 38087 | Depths:1 | 38087 ||| Stepping ~*~*~tactically~*~*~ (stealth).
 38088 | Depths:1 | 38088 ||| Stepping ~*~*~tactically~*~*~ (stealth).
 38089 | Depths:1 | 38089 ||| Stepping ~*~*~tactically~*~*~ (stealth).
 38093 | Depths:1 | 38093 ||| INVOKING Finesse.
 38127 | Depths:1 | Found a gateway to Hell.
 38154 | Depths:1 | 38154 ||| INVOKING Finesse.
 38213 | Depths:1 | 38213 ||| INVOKING Heroism.
 38214 | Depths:1 | 38214 ||| INVOKING Finesse.
 38306 | Depths:1 | 38306 ||| INVOKING Heroism.
 38307 | Depths:1 | 38307 ||| INVOKING Finesse.
 38461 | Depths:1 | Found a shimmering blue altar of Sif Muna.
 38579 | Depths:1 | 38579 ||| Stepping ~*~*~tactically~*~*~ (stealth).
 38581 | Depths:1 | 38581 ||| Stepping ~*~*~tactically~*~*~ (hiding).
 38652 | Depths:1 | 38652 ||| DROPPING ring of ice.
 38784 | Depths:1 | 38784 ||| Stepping ~*~*~tactically~*~*~ (stealth).
 38788 | Depths:1 | Found a one-way gateway to a ziggurat.
 38813 | Depths:1 | 38813 ||| Stepping randomly (stuck).
 38816 | Depths:1 | 38816 ||| ZAPPING wand of digging (5).
 38884 | Depths:2 | Found a one-way gate leading to the halls of Pandemonium.
 38915 | Depths:2 | 38915 ||| INVOKING Heroism.
 38932 | Depths:2 | Reached XP level 22. HP: 51/150 MP: 29/29
 38936 | Depths:2 | 38936 ||| FLEEEEING.
 38937 | Depths:2 | 38937 ||| INVOKING Heroism.
 38999 | Depths:2 | 38999 ||| FLEEEEING.
 39007 | Depths:2 | 39007 ||| STAIRDANCE
 39149 | Depths:2 | 39149 ||| Stepping ~*~*~tactically~*~*~ (stealth).
 39150 | Depths:2 | 39150 ||| Stepping ~*~*~tactically~*~*~ (stealth).
 39159 | Depths:2 | 39159 ||| Stepping ~*~*~tactically~*~*~ (hiding).
 39161 | Depths:2 | 39161 ||| Stepping ~*~*~tactically~*~*~ (stealth).
 39226 | Depths:2 | 39226 ||| Stepping ~*~*~tactically~*~*~ (hiding).
 39227 | Depths:2 | 39227 ||| Stepping ~*~*~tactically~*~*~ (hiding).
 39229 | Depths:2 | 39229 ||| Stepping ~*~*~tactically~*~*~ (hiding).
 39231 | Depths:2 | 39231 ||| INVOKING Heroism.
 39250 | Depths:2 | 39250 ||| Stepping ~*~*~tactically~*~*~ (hiding).
 39270 | Depths:2 | 39270 ||| Stepping ~*~*~tactically~*~*~ (hiding).
 39279 | Depths:2 | 39279 ||| Stepping ~*~*~tactically~*~*~ (hiding).
 39289 | Depths:2 | 39289 ||| Stepping ~*~*~tactically~*~*~ (hiding).
 39296 | Depths:2 | 39296 ||| Stepping ~*~*~tactically~*~*~ (hiding).
 39305 | Depths:2 | Reached skill level 20 in Fighting
 39339 | Depths:2 | 39339 ||| DROPPING +0 broad axe.
 39343 | Depths:2 | 39343 ||| Stepping ~*~*~tactically~*~*~ (stealth).
 39357 | Depths:2 | 39357 ||| Stepping ~*~*~tactically~*~*~ (stealth).
 39366 | Depths:2 | 39366 ||| Stepping ~*~*~tactically~*~*~ (hiding).
 39470 | Depths:2 | 39470 ||| Stepping ~*~*~tactically~*~*~ (hiding).
 39476 | Depths:2 | Received a gift from Okawaru
 39831 | Depths:2 | 39831 ||| Stepping ~*~*~tactically~*~*~ (stealth).
 39832 | Depths:2 | 39832 ||| Stepping ~*~*~tactically~*~*~ (stealth).
 39833 | Depths:2 | 39833 ||| Stepping ~*~*~tactically~*~*~ (stealth).
 39835 | Depths:2 | 39835 ||| Stepping ~*~*~tactically~*~*~ (hiding).
 40089 | Depths:2 | 40089 ||| FLEEEEING.
 40090 | Depths:2 | 40090 ||| FLEEEEING.
 40098 | Depths:2 | 40098 ||| INVOKING Heroism.
 40099 | Depths:2 | 40099 ||| INVOKING Finesse.
 40139 | Depths:2 | Reached skill level 18 in Armour
 40139 | Depths:2 | 40139 ||| Stepping ~*~*~tactically~*~*~ (hiding).
 40144 | Depths:2 | 40144 ||| Stepping ~*~*~tactically~*~*~ (hiding).
 40155 | Depths:2 | Received a gift from Okawaru
 40176 | Depths:2 | 40176 ||| INVOKING Finesse.
 40214 | Depths:2 | 40214 ||| INVOKING Heroism.
 40523 | Depths:2 | Received a gift from Okawaru
 40766 | Depths:2 | 40766 ||| Stepping ~*~*~tactically~*~*~ (hiding).
 40773 | Depths:2 | 40773 ||| DRINKING 18 potions of curing.
 40773 | Depths:2 | 40773 ||| (to cure confusion)
 40787 | Depths:2 | 40787 ||| INVOKING Heroism.
 40789 | Depths:2 | 40789 ||| INVOKING Finesse.
 40862 | Depths:2 | 40862 ||| DROPPING +2 pair of boots.
 40898 | Depths:3 | Received a gift from Okawaru
 40899 | Depths:3 | Reached skill level 21 in Shields
 40905 | Depths:3 | 40905 ||| FLEEEEING.
 40906 | Depths:3 | 40906 ||| FLEEEEING.
 40907 | Depths:3 | 40907 ||| FLEEEEING.
 40908 | Depths:3 | 40908 ||| FLEEEEING.
 40909 | Depths:3 | 40909 ||| FLEEEEING.
 40910 | Depths:3 | 40910 ||| STAIRDANCE
 40928 | Depths:3 | 40928 ||| Stepping ~*~*~tactically~*~*~ (hiding).
 40930 | Depths:3 | 40930 ||| INVOKING Heroism.
 40932 | Depths:3 | 40932 ||| Stepping ~*~*~tactically~*~*~ (hiding).
 41066 | Depths:3 | Found a glowing golden altar of the Shining One.
 41097 | Depths:3 | 41097 ||| Stepping ~*~*~tactically~*~*~ (hiding).
 41124 | Depths:3 | 41124 ||| Stepping ~*~*~tactically~*~*~ (stealth).
 41126 | Depths:3 | 41126 ||| Stepping ~*~*~tactically~*~*~ (hiding).
 41127 | Depths:3 | 41127 ||| Stepping ~*~*~tactically~*~*~ (hiding).
 41138 | Depths:3 | 41138 ||| INVOKING Heroism.
 41145 | Depths:3 | Received a gift from Okawaru
 41245 | Depths:3 | 41245 ||| Stepping ~*~*~tactically~*~*~ (hiding).
 41269 | Depths:3 | 41269 ||| INVOKING Heroism.
 41298 | Depths:3 | Received a gift from Okawaru
 41520 | Depths:3 | 41520 ||| INVOKING Heroism.
 41541 | Depths:3 | 41541 ||| INVOKING Finesse.
 41549 | Depths:3 | Noticed a juggernaut
 41558 | Depths:3 | Noticed Grunn
 41563 | Depths:3 | Killed a juggernaut
 41573 | Depths:3 | Received a gift from Okawaru
 41589 | Depths:3 | Killed Grunn
 41615 | Depths:3 | 41615 ||| INVOKING Finesse.
 41618 | Depths:3 | 41618 ||| INVOKING Heroism.
 41660 | Depths:3 | Reached skill level 21 in Fighting
 41660 | Depths:3 | Reached XP level 23. HP: 160/160 MP: 26/30
 41684 | Depths:3 | Noticed a juggernaut
 41688 | Depths:3 | 41688 ||| INVOKING Heroism.
 41696 | Depths:3 | Killed a juggernaut
 41727 | Depths:3 | 41727 ||| INVOKING Heroism.
 41760 | Depths:3 | Identified the +3 long sword "Sinenkil" {elec, rC+ Str+2
                  | Dex+3}
 41794 | Depths:3 | 41794 ||| Stepping ~*~*~tactically~*~*~ (stealth).
 41800 | Depths:3 | 41800 ||| Stepping ~*~*~tactically~*~*~ (stealth).
 41801 | Depths:3 | 41801 ||| Stepping ~*~*~tactically~*~*~ (stealth).
 41806 | Depths:3 | Noticed a juggernaut
 41807 | Depths:3 | 41807 ||| INVOKING Heroism.
 41830 | Depths:3 | Killed a juggernaut
 42074 | Depths:3 | 42074 ||| DROPPING scarf of shadows.
 42091 | Depths:4 | Entered Level 4 of the Depths
 42103 | Depths:4 | Found a transporter.
 42109 | Depths:4 | Found a transporter.
 42140 | Depths:4 | Found a transporter.
 42268 | Depths:4 | Reached skill level 12 in Throwing
 42296 | Depths:4 | Noticed a juggernaut
 42297 | Depths:4 | 42297 ||| Stepping ~*~*~tactically~*~*~ (stealth).
 42299 | Depths:4 | Noticed Sojobo
 42300 | Depths:4 | 42300 ||| Stepping ~*~*~tactically~*~*~ (hiding).
 42302 | Depths:4 | 42302 ||| INVOKING Heroism.
 42303 | Depths:4 | 42303 ||| INVOKING Finesse.
 42324 | Depths:4 | Killed Sojobo
 42368 | Depths:4 | Killed a juggernaut
 42372 | Depths:4 | Received a gift from Okawaru
 42401 | Depths:4 | 42401 ||| INVOKING Heroism.
 42402 | Depths:4 | 42402 ||| DRINKING 17 potions of curing.
 42402 | Depths:4 | 42402 ||| (to cure confusion)
 42403 | Depths:4 | 42403 ||| INVOKING Finesse.
 42621 | Depths:4 | Noticed the Enchantress
 42622 | Depths:4 | 42622 ||| Stepping ~*~*~tactically~*~*~ (hiding).
 42672 | Depths:4 | 42672 ||| INVOKING Heroism.
 42673 | Depths:4 | 42673 ||| INVOKING Finesse.
 42691 | Depths:4 | 42691 ||| DRINKING 16 potions of curing.
 42691 | Depths:4 | 42691 ||| (to cure confusion)
 42695 | Depths:4 | Killed the Enchantress
 42722 | Depths:4 | Received a gift from Okawaru
 42787 | Depths:4 | Received a gift from Okawaru
 42814 | Depths:4 | Found a gate to the Realm of Zot.
 42822 | Depths:4 | Noticed a golden dragon
 42823 | Depths:4 | 42823 ||| INVOKING Heroism.
 42824 | Depths:4 | 42824 ||| INVOKING Finesse.
 42839 | Depths:4 | Killed a golden dragon
 42855 | Depths:4 | 42855 ||| INVOKING Heroism.
 43009 | Depths:4 | 43009 ||| Stepping ~*~*~tactically~*~*~ (hiding).
 43025 | Depths:4 | Received a gift from Okawaru
 43055 | Depths:4 | Found a transporter.
 43055 | Depths:4 | Noticed Xtahua
 43056 | Depths:4 | 43056 ||| Stepping ~*~*~tactically~*~*~ (hiding).
 43058 | Depths:4 | 43058 ||| Stepping ~*~*~tactically~*~*~ (hiding).
 43059 | Depths:4 | 43059 ||| DRINKING 7 potions of resistance.
 43070 | Depths:4 | Killed Xtahua
 43232 | Depths:4 | 43232 ||| PLANNING VAULTS:5
 43490 | Vaults:5 | Entered Level 5 of the Vaults
 43494 | Vaults:5 | 43494 ||| INVOKING Heroism.
 43499 | Vaults:5 | Reached skill level 22 in Fighting
 43507 | Vaults:5 | Received a gift from Okawaru
 43539 | Vaults:5 | 43539 ||| STAIRDANCE
 43547 | Vaults:4 | Identified the +2 robe of Ezunack {+Blink rElec Dex+3}
                  | (Okawaru gifted it to you on level 4 of the Vaults)
 43547 | Vaults:4 | Received a gift from Okawaru
 43574 | Vaults:5 | 43574 ||| INVOKING Heroism.
 43574 | Vaults:5 | Noticed an ancient lich
 43575 | Vaults:5 | 43575 ||| INVOKING Finesse.
 43589 | Vaults:5 | Reached XP level 24. HP: 168/168 MP: 24/30
 43608 | Vaults:5 | Killed an ancient lich
 43641 | Vaults:5 | Reached skill level 9 in Dodging
 43697 | Vaults:5 | 43697 ||| INVOKING Heroism.
 43716 | Vaults:5 | Identified the +10 war axe "Xeckos" {pain, rF+ rCorr}
 43745 | Vaults:5 | 43745 ||| INVOKING Heroism.
 43770 | Vaults:5 | Received a gift from Okawaru
 43798 | Vaults:5 | 43798 ||| INVOKING Heroism.
 43811 | Vaults:5 | Reached skill level 23 in Fighting
 43962 | Vaults:5 | 43962 ||| DROPPING +5 vampiric war axe.
 43975 | Vaults:5 | 43975 ||| READING scroll of enchant armour.
 43975 | Vaults:5 | 43975 ||| ENCHANTING +1 pair of gloves.
 43997 | Vaults:5 | 43997 ||| DROPPING +2 broad axe of draining.
 44257 | Vaults:5 | 44257 ||| Stepping ~*~*~tactically~*~*~ (hiding).
 44372 | Vaults:5 | Got a silver rune of Zot
 44455 | Vaults:5 | Received a gift from Okawaru
 44531 | Vaults:5 | 44531 ||| FLEEEEING.
 44532 | Vaults:5 | 44532 ||| FLEEEEING.
 44533 | Vaults:5 | 44533 ||| FLEEEEING.
 44534 | Vaults:5 | 44534 ||| FLEEEEING.
 44535 | Vaults:5 | 44535 ||| FLEEEEING.
 44539 | Vaults:5 | 44539 ||| FLEEEEING.
 44540 | Vaults:5 | 44540 ||| FLEEEEING.
 44541 | Vaults:5 | 44541 ||| FLEEEEING.
 44542 | Vaults:5 | 44542 ||| FLEEEEING.
 44548 | Vaults:5 | 44548 ||| FLEEEEING.
 44549 | Vaults:5 | 44549 ||| FLEEEEING.
 44550 | Vaults:5 | 44550 ||| FLEEEEING.
 44551 | Vaults:5 | 44551 ||| FLEEEEING.
 44552 | Vaults:5 | 44552 ||| FLEEEEING.
 44553 | Vaults:5 | 44553 ||| FLEEEEING.
 44554 | Vaults:5 | 44554 ||| FLEEEEING.
 44768 | Vaults:5 | Found the +4 consecrated labrys {holy, Valiant Fragile Fly
                  | SInv}
 44867 | Vaults:5 | 44867 ||| PLANNING SHOPPING SPREE
 44867 | Vaults:5 | 44867 ||| DROPPING +2 plate armour of cold resistance.
 44868 | Vaults:5 | 44868 ||| DROPPING +0 fire dragon scales.
 44869 | Vaults:5 | 44869 ||| DROPPING +1 pair of boots of flying.
 44870 | Vaults:5 | 44870 ||| DROPPING +2 plate armour of cold resistance.
 45193 | Orc:2    | 45193 ||| BUYING 2 potions of attraction (60 gold).
 45193 | Orc:2    | Bought 2 potions of attraction for 60 gold pieces
 45193 | Orc:2    | 45193 ||| BUYING potion of haste (100 gold).
 45193 | Orc:2    | Bought a potion of haste for 100 gold pieces
 45193 | Orc:2    | 45193 ||| BUYING potion of might (40 gold).
 45193 | Orc:2    | Bought a potion of might for 40 gold pieces
 45193 | Orc:2    | 45193 ||| BUYING potion of might (40 gold).
 45193 | Orc:2    | Bought a potion of might for 40 gold pieces
 45359 | D:9      | 45359 ||| BUYING scroll of enchant weapon (217 gold).
 45359 | D:9      | Bought a scroll of enchant weapon for 217 gold pieces
 45645 | Orc:2    | 45645 ||| PLANNING ZOT:1-4
 45898 | Zot:1    | Entered Level 1 of the Realm of Zot
 45919 | Zot:1    | Found a runed translucent door.
 45919 | Zot:1    | Noticed Jiorhin's ghost (legendary TrBe)
 46053 | Zot:1    | 46053 ||| INVOKING Heroism.
 46151 | Zot:1    | 46151 ||| Stepping ~*~*~tactically~*~*~ (stealth).
 46246 | Zot:1    | 46246 ||| INVOKING Heroism.
 46247 | Zot:1    | Received a gift from Okawaru
 46302 | Zot:1    | 46302 ||| Stepping ~*~*~tactically~*~*~ (stealth).
 46427 | Zot:1    | Reached skill level 21 in Armour
 46547 | Zot:1    | Reached XP level 25. HP: 176/176 MP: 30/30
 46610 | Zot:1    | Noticed an orb of fire
 46611 | Zot:1    | 46611 ||| DRINKING 6 potions of resistance.
 46612 | Zot:1    | 46612 ||| INVOKING Heroism.
 46612 | Zot:1    | Gained mutation: You occasionally shout uncontrollably at
                  | your foes. [an orb of fire]
 46613 | Zot:1    | 46613 ||| INVOKING Finesse.
 46632 | Zot:1    | Killed an orb of fire
 46726 | Zot:1    | 46726 ||| INVOKING Heroism.
 46748 | Zot:1    | 46748 ||| Stepping ~*~*~tactically~*~*~ (stealth).
 46947 | Zot:1    | 46947 ||| INVOKING Heroism.
 47022 | Zot:1    | Received a gift from Okawaru
 47023 | Zot:1    | Reached skill level 24 in Fighting
 47106 | Zot:1    | 47106 ||| Stepping ~*~*~tactically~*~*~ (stealth).
 47109 | Zot:1    | 47109 ||| Stepping ~*~*~tactically~*~*~ (hiding).
 47110 | Zot:1    | 47110 ||| Stepping ~*~*~tactically~*~*~ (hiding).
 47111 | Zot:1    | 47111 ||| Stepping ~*~*~tactically~*~*~ (hiding).
 47112 | Zot:1    | 47112 ||| Stepping ~*~*~tactically~*~*~ (hiding).
 47114 | Zot:1    | 47114 ||| Stepping ~*~*~tactically~*~*~ (hiding).
 47135 | Zot:1    | 47135 ||| READING scroll of enchant armour.
 47135 | Zot:1    | 47135 ||| ENCHANTING +5 plate armour.
 47280 | Zot:1    | 47280 ||| UPGRADING to +0 gold dragon scales.
 47353 | Zot:2    | Received a gift from Okawaru
 47354 | Zot:2    | 47354 ||| INVOKING Heroism.
 47422 | Zot:2    | 47422 ||| Stepping ~*~*~tactically~*~*~ (hiding).
 47483 | Zot:2    | 47483 ||| FLEEEEING.
 47484 | Zot:2    | 47484 ||| FLEEEEING.
 47488 | Zot:2    | 47488 ||| FLEEEEING.
 47517 | Zot:2    | 47517 ||| Stepping ~*~*~tactically~*~*~ (hiding).
 47518 | Zot:2    | 47518 ||| Stepping ~*~*~tactically~*~*~ (hiding).
 47519 | Zot:2    | 47519 ||| Stepping ~*~*~tactically~*~*~ (hiding).
 47520 | Zot:2    | 47520 ||| Stepping ~*~*~tactically~*~*~ (hiding).
 47525 | Zot:2    | 47525 ||| Stepping ~*~*~tactically~*~*~ (hiding).
 47526 | Zot:2    | 47526 ||| Stepping ~*~*~tactically~*~*~ (hiding).
 47527 | Zot:2    | 47527 ||| Stepping ~*~*~tactically~*~*~ (hiding).
 47528 | Zot:2    | 47528 ||| Stepping ~*~*~tactically~*~*~ (hiding).
 47532 | Zot:2    | 47532 ||| Stepping ~*~*~tactically~*~*~ (hiding).
 47533 | Zot:2    | 47533 ||| Stepping ~*~*~tactically~*~*~ (hiding).
 47701 | Zot:2    | 47701 ||| FLEEEEING.
 47784 | Zot:2    | 47784 ||| Stepping ~*~*~tactically~*~*~ (stealth).
 47785 | Zot:2    | 47785 ||| Stepping ~*~*~tactically~*~*~ (stealth).
 47814 | Zot:2    | 47814 ||| DROPPING +2 plate armour of cold resistance.
 47854 | Zot:2    | 47854 ||| INVOKING Heroism.
 47904 | Zot:2    | 47904 ||| FLEEEEING.
 47905 | Zot:2    | 47905 ||| FLEEEEING.
 47906 | Zot:2    | 47906 ||| FLEEEEING.
 47907 | Zot:2    | 47907 ||| FLEEEEING.
 47908 | Zot:2    | 47908 ||| FLEEEEING.
 47909 | Zot:2    | 47909 ||| FLEEEEING.
 47910 | Zot:2    | 47910 ||| INVOKING Heroism.
 47919 | Zot:2    | 47919 ||| FLEEEEING.
 47920 | Zot:2    | 47920 ||| FLEEEEING.
 47921 | Zot:2    | 47921 ||| FLEEEEING.
 47922 | Zot:2    | 47922 ||| FLEEEEING.
 47927 | Zot:2    | 47927 ||| FLEEEEING.
 47928 | Zot:2    | 47928 ||| FLEEEEING.
 47934 | Zot:2    | 47934 ||| FLEEEEING.
 47934 | Zot:2    | HP: 44/178 [??? (12)]
 47935 | Zot:2    | 47935 ||| FLEEEEING.
 47936 | Zot:2    | 47936 ||| FLEEEEING.
 47937 | Zot:2    | 47937 ||| FLEEEEING.
 47946 | Zot:2    | 47946 ||| STAIRDANCE
 48123 | Zot:2    | 48123 ||| STAIRDANCE
 48125 | Zot:1    | 48125 ||| INVOKING Heroism.
 48313 | Zot:2    | 48313 ||| Stepping ~*~*~tactically~*~*~ (hiding).
 48342 | Zot:2    | 48342 ||| Stepping ~*~*~tactically~*~*~ (hiding).
 48410 | Zot:2    | 48410 ||| Stepping ~*~*~tactically~*~*~ (stealth).
 48676 | Zot:2    | 48676 ||| INVOKING Heroism.
 48846 | Zot:2    | 48846 ||| Stepping ~*~*~tactically~*~*~ (hiding).
 49189 | Zot:2    | Noticed an orb of fire
 49192 | Zot:2    | 49192 ||| DRINKING 5 potions of resistance.
 49193 | Zot:2    | 49193 ||| INVOKING Heroism.
 49194 | Zot:2    | 49194 ||| INVOKING Finesse.
 49233 | Zot:2    | Killed an orb of fire
 49298 | Zot:2    | 49298 ||| Stepping ~*~*~tactically~*~*~ (hiding).
 49300 | Zot:2    | 49300 ||| Stepping ~*~*~tactically~*~*~ (hiding).
 49320 | Zot:2    | 49320 ||| INVOKING Heroism.
 49380 | Zot:3    | 49380 ||| STAIRDANCE
 49384 | Zot:3    | 49384 ||| STAIRDANCE
 49388 | Zot:3    | 49388 ||| STAIRDANCE
 49392 | Zot:3    | 49392 ||| STAIRDANCE
 49396 | Zot:3    | 49396 ||| STAIRDANCE
 49400 | Zot:3    | 49400 ||| STAIRDANCE
 49404 | Zot:3    | 49404 ||| STAIRDANCE
 49409 | Zot:3    | 49409 ||| STAIRDANCE
 49410 | Zot:2    | HP: 45/180 [white draconian stormcaller/divine providence
                  | (11)]
 49411 | Zot:2    | 49411 ||| READING 18 scrolls of teleportation.
 49411 | Zot:2    | HP: 18/180 [lindwurm/blast of flame[a white draconian
                  | stormcaller] (10)]
 49412 | Zot:2    | 49412 ||| DRINKING 13 potions of heal wounds.
 49413 | Zot:2    | 49413 ||| DRINKING 12 potions of heal wounds.
 49416 | Zot:3    | 49416 ||| STAIRDANCE
 49417 | Zot:2    | HP: 33/180 [white draconian stormcaller/divine providence
                  | (12)]
 49418 | Zot:2    | 49418 ||| DRINKING 11 potions of heal wounds.
 49421 | Zot:3    | 49421 ||| STAIRDANCE
 49425 | Zot:2    | HP: 42/180 [white draconian stormcaller/divine providence
                  | (10)]
 49426 | Zot:2    | 49426 ||| READING 17 scrolls of teleportation.
 49427 | Zot:2    | 49427 ||| DRINKING 10 potions of heal wounds.
 49431 | Zot:2    | HP: 38/180 [white draconian stormcaller/divine providence
                  | (12)]
 49432 | Zot:2    | 49432 ||| DRINKING 9 potions of heal wounds.
 49436 | Zot:2    | 49436 ||| DRINKING 8 potions of heal wounds.
 49577 | Zot:3    | 49577 ||| STAIRDANCE
 49590 | Zot:3    | 49590 ||| STAIRDANCE
 49594 | Zot:3    | 49594 ||| STAIRDANCE
 49598 | Zot:3    | 49598 ||| STAIRDANCE
 49600 | Zot:2    | 49600 ||| PLANNING ZOT:1-4
 49600 | Zot:2    | go_downstairs()
 49600 | Zot:2    | HP: 44/180 [white draconian stormcaller/divine providence
                  | (10)]
 49722 | Zot:2    | HP: 39/180 [white draconian stormcaller/divine providence
                  | (11)]
 49723 | Zot:2    | 49723 ||| READING 16 scrolls of teleportation.
 49724 | Zot:2    | 49724 ||| DRINKING 7 potions of heal wounds.
 49730 | Zot:2    | HP: 37/180 [rime drake/icy flash freeze[a white draconian
                  | stormcaller] (17)]
 49731 | Zot:2    | 49731 ||| DRINKING 6 potions of heal wounds.
 49732 | Zot:2    | 49732 ||| DRINKING 5 potions of heal wounds.
 49733 | Zot:2    | 49733 ||| DRINKING 4 potions of heal wounds.
 49846 | Zot:3    | 49846 ||| STAIRDANCE
 49850 | Zot:3    | 49850 ||| PLANNING ZOT:1-4
 49850 | Zot:3    | 49850 ||| PLANNING ZOT:1-4
 49850 | Zot:3    | 49850 ||| PLANNING ZOT:1-4
 49850 | Zot:3    | 49850 ||| STAIRDANCE
 49854 | Zot:3    | 49854 ||| STAIRDANCE
 49858 | Zot:3    | 49858 ||| STAIRDANCE
 49862 | Zot:3    | 49862 ||| STAIRDANCE
 49866 | Zot:3    | 49866 ||| STAIRDANCE
 49870 | Zot:3    | 49870 ||| STAIRDANCE
 49872 | Zot:2    | HP: 37/180 [wind drake/the air[a white draconian
                  | stormcaller] (19)]
 49873 | Zot:2    | 49873 ||| READING 15 scrolls of teleportation.
 49873 | Zot:2    | HP: 18/180 [white draconian stormcaller/divine providence
                  | (10)]
 49874 | Zot:2    | 49874 ||| DRINKING 3 potions of heal wounds.
 49875 | Zot:2    | 49875 ||| DRINKING 2 potions of heal wounds.
 49877 | Zot:2    | 49877 ||| DRINKING potion of heal wounds.
 49881 | Zot:2    | HP: 43/180 [white draconian stormcaller/divine providence
                  | (7)]
 49883 | Zot:3    | 49883 ||| STAIRDANCE
 49885 | Zot:2    | 49885 ||| INVOKING Heroism.
 50023 | Zot:2    | 50023 ||| FLEEEEING.
 50024 | Zot:2    | 50024 ||| FLEEEEING.
 50025 | Zot:2    | 50025 ||| FLEEEEING.
 50034 | Zot:2    | 50034 ||| Stepping ~*~*~tactically~*~*~ (hiding).
 50241 | Zot:2    | 50241 ||| PLANNING ZOT:1-4
 50309 | Zot:3    | Received a gift from Okawaru
 50315 | Zot:3    | 50315 ||| INVOKING Heroism.
 50337 | Zot:3    | Reached skill level 25 in Fighting
 50350 | Zot:3    | 50350 ||| DRINKING 2 potions of cancellation.
 50383 | Zot:3    | 50383 ||| INVOKING Heroism.
 50400 | Zot:3    | Received a gift from Okawaru
 50450 | Zot:3    | 50450 ||| INVOKING Heroism.
 50480 | Zot:3    | Received a gift from Okawaru
 50504 | Zot:3    | Reached XP level 26. HP: 181/189 MP: 30/30
 50574 | Zot:3    | 50574 ||| Stepping ~*~*~tactically~*~*~ (hiding).
 50575 | Zot:3    | 50575 ||| Stepping ~*~*~tactically~*~*~ (hiding).
 50580 | Zot:3    | 50580 ||| Stepping ~*~*~tactically~*~*~ (hiding).
 50585 | Zot:3    | Received a gift from Okawaru
 50619 | Zot:3    | 50619 ||| Stepping ~*~*~tactically~*~*~ (hiding).
 50630 | Zot:3    | 50630 ||| INVOKING Heroism.
 50665 | Zot:3    | Identified the +0 ring mail of a treasure trove {Harm rF+
                  | rN+ MP-9 Int+3}
 50683 | Zot:3    | Noticed a Killer Klown
 50684 | Zot:3    | 50684 ||| INVOKING Finesse.
 50699 | Zot:3    | 50699 ||| INVOKING Heroism.
 50716 | Zot:3    | Killed a Killer Klown
 50931 | Zot:3    | 50931 ||| Stepping ~*~*~tactically~*~*~ (hiding).
 50946 | Zot:3    | Received a gift from Okawaru
 51016 | Zot:3    | 51016 ||| Stepping ~*~*~tactically~*~*~ (stealth).
 51102 | Zot:3    | 51102 ||| INVOKING Heroism.
 51154 | Zot:3    | Received a gift from Okawaru
 51357 | Zot:3    | 51357 ||| Stepping ~*~*~tactically~*~*~ (stealth).
 51359 | Zot:3    | 51359 ||| Stepping ~*~*~tactically~*~*~ (hiding).
 51363 | Zot:3    | 51363 ||| INVOKING Heroism.
 51384 | Zot:3    | Reached skill level 15 in Throwing
 51392 | Zot:3    | 51392 ||| INVOKING Heroism.
 51394 | Zot:3    | Reached skill level 26 in Fighting
 51395 | Zot:3    | 51395 ||| Stepping ~*~*~tactically~*~*~ (hiding).
 51404 | Zot:3    | Received a gift from Okawaru
 51475 | Zot:3    | 51475 ||| Stepping ~*~*~tactically~*~*~ (hiding).
 51476 | Zot:3    | 51476 ||| Stepping ~*~*~tactically~*~*~ (hiding).
 51568 | Zot:3    | 51568 ||| Stepping ~*~*~tactically~*~*~ (stealth).
 51569 | Zot:3    | 51569 ||| Stepping ~*~*~tactically~*~*~ (stealth).
 51571 | Zot:3    | 51571 ||| Stepping ~*~*~tactically~*~*~ (hiding).
 51572 | Zot:3    | 51572 ||| Stepping ~*~*~tactically~*~*~ (hiding).
 51575 | Zot:3    | 51575 ||| INVOKING Heroism.
 51606 | Zot:3    | Identified the +0 plate armour of Yqungar {rN+}
 51784 | Zot:3    | 51784 ||| DROPPING +0 plate armour of Yqungar {rN+}.
 51833 | Zot:4    | 51833 ||| READING scroll of enchant armour.
 51833 | Zot:4    | 51833 ||| ENCHANTING +0 gold dragon scales.
 51847 | Zot:4    | 51847 ||| Stepping ~*~*~tactically~*~*~ (stealth).
 52109 | Zot:4    | 52109 ||| INVOKING Heroism.
 52199 | Zot:4    | 52199 ||| Stepping ~*~*~tactically~*~*~ (hiding).
 52269 | Zot:4    | 52269 ||| Stepping ~*~*~tactically~*~*~ (hiding).
 52332 | Zot:4    | 52332 ||| INVOKING Heroism.
 52374 | Zot:4    | 52374 ||| FLEEEEING.
 52375 | Zot:4    | 52375 ||| FLEEEEING.
 52376 | Zot:4    | 52376 ||| FLEEEEING.
 52453 | Zot:4    | 52453 ||| Stepping ~*~*~tactically~*~*~ (stealth).
 52481 | Zot:4    | 52481 ||| Stepping ~*~*~tactically~*~*~ (hiding).
 52485 | Zot:4    | 52485 ||| INVOKING Heroism.
 52704 | Zot:4    | Received a gift from Okawaru
 52710 | Zot:4    | 52710 ||| Stepping ~*~*~tactically~*~*~ (hiding).
 52872 | Zot:4    | 52872 ||| PLANNING SLIME:5
 52872 | Zot:4    | 52872 ||| SWAPPING to +10 war axe "Xeckos" {pain, rF+
                  | rCorr}.
 52873 | Zot:4    | 52873 ||| UPGRADING to +1 cloak of willpower.
 52883 | Zot:4    | 52883 ||| UPGRADING to +2 cloak.
 52893 | Zot:4    | 52893 ||| UPGRADING to +2 helmet.
 52903 | Zot:4    | 52903 ||| DROPPING +2 hat of willpower.
 53370 | Slime:1  | Entered Level 1 of the Pits of Slime
 53373 | Slime:1  | 53373 ||| STAIRDANCE
 53380 | Slime:1  | 53380 ||| STAIRDANCE
 53393 | Slime:1  | 53393 ||| STAIRDANCE
 53401 | Lair:4   | Received a gift from Okawaru
 53403 | Lair:4   | 53403 ||| DROPPING +1 heavy war axe.
 53540 | Slime:2  | Noticed Dissolution
 53546 | Slime:2  | 53546 ||| DRINKING 15 potions of curing.
 53546 | Slime:2  | 53546 ||| (to cure confusion)
 53551 | Slime:2  | Gained mutation: You occasionally lose the ability to read
                  | scrolls when taking damage. [a shining eye]
 53554 | Slime:2  | Killed Dissolution
 53576 | Slime:2  | 53576 ||| DRINKING 16 potions of mutation.
 53576 | Slime:2  | Lost mutation: You occasionally shout uncontrollably at
                  | your foes. [potion of mutation]
 53576 | Slime:2  | Lost mutation: You are somewhat resistant to further
                  | mutation. [potion of mutation]
 53576 | Slime:2  | Lost mutation: You occasionally lose the ability to read
                  | scrolls when taking damage. [potion of mutation]
 53576 | Slime:2  | Gained mutation: Your magical capacity is low. (-10% MP)
                  | [potion of mutation]
 53576 | Slime:2  | Gained mutation: You are somewhat resistant to further
                  | mutation. [potion of mutation]
 53645 | Slime:5  | Entered Level 5 of the Pits of Slime
 53653 | Slime:5  | 53653 ||| STAIRDANCE
 53664 | Slime:5  | 53664 ||| STAIRDANCE
 53684 | Slime:5  | 53684 ||| STAIRDANCE
 53696 | Slime:4  | 53696 ||| DRINKING 14 potions of curing.
 53696 | Slime:4  | 53696 ||| (to cure confusion)
 53697 | Slime:4  | 53697 ||| DRINKING 13 potions of curing.
 53697 | Slime:4  | 53697 ||| (to cure confusion)
 53698 | Slime:4  | 53698 ||| DRINKING 12 potions of curing.
 53698 | Slime:4  | 53698 ||| (to cure confusion)
 53762 | Slime:5  | Noticed the Royal Jelly
 53765 | Slime:5  | 53765 ||| INVOKING Heroism.
 53766 | Slime:5  | 53766 ||| INVOKING Finesse.
 53798 | Slime:5  | Found a viscous altar of Jiyva.
 53799 | Slime:5  | Paralysed by a great orb of eyes for 2 turns
 53811 | Slime:5  | 53811 ||| INVOKING Finesse.
 53849 | Slime:5  | 53849 ||| DRINKING potion of cancellation.
 53850 | Slime:5  | 53850 ||| INVOKING Heroism.
 53859 | Slime:5  | Killed the Royal Jelly
 53860 | Slime:5  | Reached skill level 27 in Fighting
 53860 | Slime:5  | Reached XP level 27. HP: 90/199 MP: 23/28
 53902 | Slime:5  | 53902 ||| INVOKING Heroism.
 53910 | Slime:5  | Received a gift from Okawaru
 53953 | Slime:5  | 53953 ||| INVOKING Heroism.
 53972 | Slime:5  | 53972 ||| INVOKING Heroism.
 54056 | Slime:5  | Identified the +7 broad axe "Giantslayer" {freeze, *Noise
                  | rElec rC++ rN+}
 54097 | Slime:5  | Got a slimy rune of Zot
 54098 | Slime:5  | Identified the ring "Taczamis" {Fire Str+2 Int+5}
 54117 | Slime:5  | Identified the +1 plate armour "Myne" {rN+ Int+3}
 54119 | Slime:5  | Identified the +4 morningstar of the Hand {holy, Fly Str+2}
 54202 | Slime:5  | Received a gift from Okawaru
 54506 | Slime:5  | 54506 ||| PLANNING THE SHINING ONE WORSHIP
 54506 | Slime:5  | 54506 ||| SWAPPING to +5 broad axe of Conscience {vamp,
                  | SInv}.
 54507 | Slime:5  | 54507 ||| UPGRADING to +1 cloak of willpower.
 54517 | Slime:5  | 54517 ||| DROPPING +1 scale mail of Lugonu's Respect {rPois
                  | rCorr Str-4 SInv}.
 54518 | Slime:5  | 54518 ||| DROPPING +1 plate armour "Myne" {rN+ Int+3}.
 54519 | Slime:5  | 54519 ||| DROPPING ring of fire.
 54520 | Slime:5  | 54520 ||| DROPPING +4 ring of slaying {mikee}.
 54859 | Temple   | 54859 ||| SWAPPING to +7 broad axe "Giantslayer" {freeze,
                  | *Noise rElec rC++ rN+, mikee}.
 54860 | Temple   | Fell from the grace of Okawaru
 54860 | Temple   | Became a worshipper of the Shining One
 54860 | Temple   | 54860 ||| PLANNING CRYPT
 55162 | Crypt:1  | Entered Level 1 of the Crypt
 55182 | Crypt:1  | Reached skill level 12 in Invocations
 55332 | Crypt:1  | 55332 ||| Stepping ~*~*~tactically~*~*~ (stealth).
 55340 | Crypt:1  | Reached * piety under the Shining One
 55348 | Crypt:1  | 55348 ||| Stepping ~*~*~tactically~*~*~ (stealth).
 55394 | Crypt:1  | Reached ** piety under the Shining One
 55532 | Crypt:1  | Found an ancient bone altar of Kikubaaqudgha.
 55547 | Crypt:1  | Found a transporter.
 55550 | Crypt:1  | Found a transporter.
 55572 | Crypt:1  | Reached *** piety under the Shining One
 55746 | Crypt:1  | 55746 ||| Stepping ~*~*~tactically~*~*~ (stealth).
 55868 | Crypt:1  | Reached **** piety under the Shining One
 55949 | Crypt:2  | 55949 ||| Stepping ~*~*~tactically~*~*~ (hiding).
 55951 | Crypt:2  | 55951 ||| Stepping ~*~*~tactically~*~*~ (hiding).
 55961 | Crypt:2  | 55961 ||| INVOKING Cleansing Flame.
 56063 | Crypt:2  | 56063 ||| INVOKING Cleansing Flame.
 56071 | Crypt:2  | Reached ***** piety under the Shining One
 56182 | Crypt:2  | 56182 ||| DRINKING potion of experience.
 56182 | Crypt:2  | Reached skill level 15 in Invocations
 56218 | Crypt:2  | 56218 ||| Stepping ~*~*~tactically~*~*~ (hiding).
 56248 | Crypt:2  | Noticed Donald
 56252 | Crypt:2  | Killed Donald
 56271 | Crypt:2  | 56271 ||| FLEEEEING.
 56493 | Crypt:2  | 56493 ||| Stepping ~*~*~tactically~*~*~ (stealth).
 56508 | Crypt:2  | 56508 ||| Stepping ~*~*~tactically~*~*~ (hiding).
 56510 | Crypt:2  | 56510 ||| Stepping ~*~*~tactically~*~*~ (hiding).
 56562 | Crypt:2  | Reached ****** piety under the Shining One
 56568 | Crypt:2  | 56568 ||| INVOKING Brand Weapon With Holy Wrath.
 56568 | Crypt:2  | Identified a +5 broad axe of holy wrath (a +3 broad axe
                  | blessed by the Shining One)
 56568 | Crypt:2  | Received a gift from the Shining One
 56569 | Crypt:2  | 56569 ||| DROPPING +10 war axe "Xeckos" {pain, rF+ rCorr}.
 56884 | Crypt:3  | Entered Level 3 of the Crypt
 56918 | Crypt:3  | Noticed Frederick
 56919 | Crypt:3  | 56919 ||| INVOKING Summon Divine Warrior.
 56934 | Crypt:3  | Killed Frederick
 56940 | Crypt:3  | 56940 ||| INVOKING Cleansing Flame.
 56941 | Crypt:3  | 56941 ||| INVOKING Cleansing Flame.
 57022 | Crypt:3  | 57022 ||| READING scroll of enchant armour.
 57022 | Crypt:3  | 57022 ||| ENCHANTING +1 gold dragon scales.
 57052 | Crypt:3  | 57052 ||| INVOKING Cleansing Flame.
 57059 | Crypt:3  | 57059 ||| INVOKING Cleansing Flame.
 57060 | Crypt:3  | 57060 ||| INVOKING Cleansing Flame.
 57407 | Crypt:3  | 57407 ||| FLEEEEING.
 57408 | Crypt:3  | 57408 ||| FLEEEEING.
 57409 | Crypt:3  | 57409 ||| FLEEEEING.
 57410 | Crypt:3  | 57410 ||| FLEEEEING.
 57411 | Crypt:3  | 57411 ||| FLEEEEING.
 57412 | Crypt:3  | 57412 ||| FLEEEEING.
 57413 | Crypt:3  | 57413 ||| FLEEEEING.
 57414 | Crypt:3  | 57414 ||| FLEEEEING.
 57415 | Crypt:3  | 57415 ||| FLEEEEING.
 57416 | Crypt:3  | 57416 ||| FLEEEEING.
 57417 | Crypt:3  | 57417 ||| FLEEEEING.
 57418 | Crypt:3  | 57418 ||| FLEEEEING.
 57419 | Crypt:3  | 57419 ||| FLEEEEING.
 57420 | Crypt:3  | 57420 ||| FLEEEEING.
 57421 | Crypt:3  | 57421 ||| FLEEEEING.
 57422 | Crypt:3  | 57422 ||| FLEEEEING.
 57423 | Crypt:3  | 57423 ||| FLEEEEING.
 57424 | Crypt:3  | 57424 ||| FLEEEEING.
 57425 | Crypt:3  | 57425 ||| FLEEEEING.
 57426 | Crypt:3  | 57426 ||| FLEEEEING.
 57474 | Crypt:3  | Found a staircase to the Tomb.
 57703 | Crypt:3  | Found an ancient bone altar of Kikubaaqudgha.
 57734 | Crypt:3  | 57734 ||| INVOKING Summon Divine Warrior.
 57736 | Crypt:3  | 57736 ||| INVOKING Cleansing Flame.
 57759 | Crypt:3  | 57759 ||| INVOKING Cleansing Flame.
 57763 | Crypt:3  | 57763 ||| INVOKING Cleansing Flame.
 57880 | Crypt:3  | Found the +12 pair of quick blades "Gyre" and "Gimble"
                  | {protect}
 57909 | Crypt:3  | 57909 ||| INVOKING Summon Divine Warrior.
 57915 | Crypt:3  | 57915 ||| INVOKING Cleansing Flame.
 57991 | Crypt:3  | Reached skill level 24 in Armour
 58144 | Crypt:3  | 58144 ||| PLANNING TOMB
 58144 | Crypt:3  | 58144 ||| SWAPPING to +5 broad axe of holy wrath.
 58145 | Crypt:3  | 58145 ||| READING 8 scrolls of enchant weapon.
 58145 | Crypt:3  | 58145 ||| ENCHANTING +5 broad axe of holy wrath.
 58146 | Crypt:3  | 58146 ||| READING 7 scrolls of enchant weapon.
 58146 | Crypt:3  | 58146 ||| ENCHANTING +6 broad axe of holy wrath.
 58147 | Crypt:3  | 58147 ||| READING 6 scrolls of enchant weapon.
 58147 | Crypt:3  | 58147 ||| ENCHANTING +7 broad axe of holy wrath.
 58148 | Crypt:3  | 58148 ||| READING 5 scrolls of enchant weapon.
 58148 | Crypt:3  | 58148 ||| ENCHANTING +8 broad axe of holy wrath.
 58149 | Crypt:3  | 58149 ||| DROPPING +4 consecrated labrys {holy, Valiant
                  | Fragile Fly SInv}.
 58150 | Crypt:3  | 58150 ||| DROPPING +3 plate armour of cold resistance.
 58151 | Crypt:3  | 58151 ||| DROPPING +4 plate armour of fire resistance.
 58246 | Tomb:1   | Entered Level 1 of the Tomb of the Ancients
 58420 | Tomb:1   | 58420 ||| INVOKING Cleansing Flame.
 58447 | Tomb:1   | Noticed a royal mummy
 58448 | Tomb:1   | 58448 ||| Stepping ~*~*~tactically~*~*~ (hiding).
 58451 | Tomb:1   | 58451 ||| Stepping ~*~*~tactically~*~*~ (hiding).
 58453 | Tomb:1   | 58453 ||| Stepping ~*~*~tactically~*~*~ (hiding).
 58454 | Tomb:1   | 58454 ||| INVOKING Summon Divine Warrior.
 58457 | Tomb:1   | 58457 ||| INVOKING Cleansing Flame.
 58460 | Tomb:1   | Killed a royal mummy
 58462 | Tomb:1   | Noticed a royal mummy
 58465 | Tomb:1   | 58465 ||| INVOKING Cleansing Flame.
 58466 | Tomb:1   | 58466 ||| INVOKING Cleansing Flame.
 58471 | Tomb:1   | Killed a royal mummy
 58520 | Tomb:1   | 58520 ||| INVOKING Cleansing Flame.
 58521 | Tomb:1   | 58521 ||| INVOKING Cleansing Flame.
 58950 | Tomb:1   | 58950 ||| Stepping ~*~*~tactically~*~*~ (stealth).
 58985 | Tomb:1   | Identified the +1 robe of Limitation {rF+ MP+9}
 58996 | Tomb:1   | 58996 ||| Stepping ~*~*~tactically~*~*~ (stealth).
 58998 | Tomb:1   | 58998 ||| Stepping ~*~*~tactically~*~*~ (stealth).
 59182 | Tomb:1   | 59182 ||| DROPPING +2 plate armour of poison resistance.
 59281 | Tomb:2   | 59281 ||| DRINKING 6 potions of haste.
 59282 | Tomb:2   | 59282 ||| DRINKING 9 potions of attraction.
 59287 | Tomb:2   | Noticed a royal mummy
 59287 | Tomb:2   | Noticed a royal mummy
 59287 | Tomb:2   | Noticed a royal mummy
 59287 | Tomb:2   | Noticed a royal mummy
 59288 | Tomb:2   | 59288 ||| INVOKING Summon Divine Warrior.
 59288 | Tomb:2   | Noticed a royal mummy
 59289 | Tomb:2   | 59289 ||| INVOKING Cleansing Flame.
 59290 | Tomb:2   | 59290 ||| INVOKING Cleansing Flame.
 59293 | Tomb:2   | Killed a royal mummy
 59293 | Tomb:2   | Killed a royal mummy
 59295 | Tomb:2   | Killed a royal mummy
 59295 | Tomb:2   | Killed a royal mummy
 59297 | Tomb:2   | Killed a royal mummy
 59349 | Tomb:2   | 59349 ||| INVOKING Cleansing Flame.
 59351 | Tomb:2   | 59351 ||| INVOKING Cleansing Flame.
 59360 | Tomb:2   | 59360 ||| INVOKING Cleansing Flame.
 59513 | Tomb:2   | 59513 ||| Stepping ~*~*~tactically~*~*~ (stealth).
 59520 | Tomb:2   | 59520 ||| Stepping ~*~*~tactically~*~*~ (stealth).
 59622 | Tomb:2   | 59622 ||| INVOKING Cleansing Flame.
 59632 | Tomb:2   | 59632 ||| INVOKING Summon Divine Warrior.
 59633 | Tomb:2   | 59633 ||| INVOKING Cleansing Flame.
 59672 | Tomb:2   | 59672 ||| Stepping ~*~*~tactically~*~*~ (hiding).
 59838 | Tomb:1   | Noticed a royal mummy
 59839 | Tomb:1   | 59839 ||| Stepping ~*~*~tactically~*~*~ (hiding).
 59841 | Tomb:1   | 59841 ||| INVOKING Summon Divine Warrior.
 59844 | Tomb:1   | 59844 ||| INVOKING Cleansing Flame.
 59845 | Tomb:1   | 59845 ||| INVOKING Cleansing Flame.
 59845 | Tomb:1   | Killed a royal mummy
 59849 | Tomb:1   | Noticed a royal mummy
 59852 | Tomb:1   | 59852 ||| INVOKING Cleansing Flame.
 59853 | Tomb:1   | 59853 ||| INVOKING Cleansing Flame.
 59853 | Tomb:1   | Killed a royal mummy
 59991 | Tomb:1   | Noticed a royal mummy
 59992 | Tomb:1   | 59992 ||| INVOKING Cleansing Flame.
 59993 | Tomb:1   | 59993 ||| INVOKING Summon Divine Warrior.
 59995 | Tomb:1   | Killed a royal mummy
 59996 | Tomb:1   | Reached skill level 18 in Invocations
 60071 | Tomb:1   | Was forgiven by Okawaru
 60104 | Tomb:1   | Noticed a royal mummy
 60108 | Tomb:1   | 60108 ||| INVOKING Cleansing Flame.
 60109 | Tomb:1   | 60109 ||| INVOKING Cleansing Flame.
 60110 | Tomb:1   | 60110 ||| INVOKING Cleansing Flame.
 60110 | Tomb:1   | Killed a royal mummy
 60120 | Tomb:1   | Noticed a royal mummy
 60122 | Tomb:1   | 60122 ||| INVOKING Cleansing Flame.
 60123 | Tomb:1   | 60123 ||| INVOKING Cleansing Flame.
 60124 | Tomb:1   | 60124 ||| INVOKING Cleansing Flame.
 60124 | Tomb:1   | Killed a royal mummy
 60125 | Tomb:1   | Noticed a royal mummy
 60128 | Tomb:1   | 60128 ||| INVOKING Cleansing Flame.
 60129 | Tomb:1   | 60129 ||| INVOKING Cleansing Flame.
 60129 | Tomb:1   | Killed a royal mummy
 60138 | Tomb:1   | Noticed a royal mummy
 60144 | Tomb:1   | 60144 ||| INVOKING Cleansing Flame.
 60145 | Tomb:1   | 60145 ||| DRINKING 2 potions of magic.
 60146 | Tomb:1   | 60146 ||| INVOKING Cleansing Flame.
 60146 | Tomb:1   | Killed a royal mummy
 60202 | Tomb:1   | Noticed a royal mummy
 60203 | Tomb:1   | 60203 ||| INVOKING Summon Divine Warrior.
 60206 | Tomb:1   | 60206 ||| INVOKING Cleansing Flame.
 60208 | Tomb:1   | Killed a royal mummy
 60212 | Tomb:1   | Noticed a royal mummy
 60217 | Tomb:1   | 60217 ||| INVOKING Cleansing Flame.
 60217 | Tomb:1   | Killed a royal mummy
 60247 | Tomb:1   | Noticed a royal mummy
 60252 | Tomb:1   | 60252 ||| INVOKING Cleansing Flame.
 60253 | Tomb:1   | 60253 ||| INVOKING Cleansing Flame.
 60253 | Tomb:1   | Killed a royal mummy
 60268 | Tomb:1   | Noticed a royal mummy
 60270 | Tomb:1   | 60270 ||| INVOKING Cleansing Flame.
 60271 | Tomb:1   | 60271 ||| INVOKING Cleansing Flame.
 60271 | Tomb:1   | Killed a royal mummy
 60273 | Tomb:1   | Noticed a royal mummy
 60275 | Tomb:1   | 60275 ||| INVOKING Cleansing Flame.
 60275 | Tomb:1   | Killed a royal mummy
 60399 | Tomb:1   | Noticed a royal mummy
 60403 | Tomb:1   | 60403 ||| INVOKING Cleansing Flame.
 60404 | Tomb:1   | 60404 ||| INVOKING Cleansing Flame.
 60405 | Tomb:1   | 60405 ||| INVOKING Cleansing Flame.
 60405 | Tomb:1   | Killed a royal mummy
 60438 | Tomb:1   | Noticed a royal mummy
 60440 | Tomb:1   | 60440 ||| INVOKING Cleansing Flame.
 60441 | Tomb:1   | 60441 ||| INVOKING Cleansing Flame.
 60441 | Tomb:1   | Killed a royal mummy
 60873 | Tomb:2   | 60873 ||| INVOKING Cleansing Flame.
 60893 | Tomb:2   | 60893 ||| Stepping ~*~*~tactically~*~*~ (hiding).
 60897 | Tomb:2   | 60897 ||| INVOKING Cleansing Flame.
 60899 | Tomb:2   | 60899 ||| INVOKING Cleansing Flame.
 60905 | Tomb:2   | 60905 ||| INVOKING Cleansing Flame.
 60906 | Tomb:2   | 60906 ||| INVOKING Cleansing Flame.
 60907 | Tomb:2   | 60907 ||| INVOKING Cleansing Flame.
 61152 | Tomb:3   | Entered Level 3 of the Tomb of the Ancients
 61152 | Tomb:3   | Noticed Mennas
 61153 | Tomb:3   | 61153 ||| DRINKING 5 potions of haste.
 61154 | Tomb:3   | 61154 ||| DRINKING 8 potions of attraction.
 61155 | Tomb:3   | 61155 ||| INVOKING Summon Divine Warrior.
 61182 | Tomb:3   | 61182 ||| DRINKING 18 potions of curing.
 61182 | Tomb:3   | 61182 ||| (to cure confusion)
 61197 | Tomb:3   | 61197 ||| INVOKING Cleansing Flame.
 61198 | Tomb:3   | 61198 ||| INVOKING Cleansing Flame.
 61199 | Tomb:3   | 61199 ||| INVOKING Cleansing Flame.
 61200 | Tomb:3   | 61200 ||| INVOKING Cleansing Flame.
 61201 | Tomb:3   | 61201 ||| INVOKING Cleansing Flame.
 61204 | Tomb:3   | HP: 43/199 [mummy priest/divine providence (11)]
 61205 | Tomb:3   | 61205 ||| DRINKING 3 potions of heal wounds.
 61208 | Tomb:3   | HP: 16/199 [Mennas/+0 trishula of holy wrath (20)]
 61208 | Tomb:3   | HP: 7/199 [bennu (7)]
 61209 | Tomb:3   | 61209 ||| DRINKING 2 potions of heal wounds.
 61210 | Tomb:3   | 61210 ||| DRINKING potion of heal wounds.
 61211 | Tomb:3   | Noticed a royal mummy
 61211 | Tomb:3   | Noticed a royal mummy
 61211 | Tomb:3   | Noticed a royal mummy
 61211 | Tomb:3   | Noticed a royal mummy
 61212 | Tomb:3   | Killed from afar by a royal mummy

Levels and vault maps discovered:
D:1:      dpeg_arrival_boxorama, layout_basic
D:2:      minmay_roachtagon, layout_loops_ring, dreamdust_princess_corridor
D:3:      layout_basic, hangedman_decor_opposing, nicolae_figureground_sparkle,
          uniq_natasha
D:4:      layout_loops_corners, nicolae_ossuary_entry_plus
D:5:      layout_loops_corners, gammafunk_temple_overflow_elements,
          minmay_misc_feat_pillars, uniq_prince_ribbit1
D:6:      layout_loops_corners, mainiacjoe_overflow_concentric_impassable,
          cheibriados_altar_1, mainiacjoe_overflow_brackets, serial_rivers,
          chequers_serial_rivers_micro_a, chequers_serial_rivers_marsh,
          chequers_serial_rivers_micro_e, chequers_serial_rivers_large_a,
          chequers_serial_rivers_micro_b, chequers_serial_rivers_micro_c
D:7:      layout_loops_ring, mainiacjoe_overflow_six_doors_small,
          nicolae_hepliaklqana_hippocampus, minmay_temple_entry_nine_rooms,
          serial_shops, nicolae_shop_pleasant_corner_grove,
          kennysheep_small_square
D:8:      layout_loops_corners, xom_confusion_cloud, elyvilon_altar_1,
          nicolae_qazlal_general_emergency
D:9:      layout_loops_ring, mainiacjoe_overflow_paths, dpeg_lair_monsters,
          hellmonk_ghost_big_iron, serial_shops, nicolae_shop_statue_plus,
          uniq_gastronok, uniq_erolcha
D:10:     dreamdust_cave_troll, layout_gridville
D:11:     layout_irregular_city, serial_bayou, serial_bayou_pond_e,
          serial_bayou_pond_a, serial_bayou_lagoon_b, serial_bayou_lagoon_a
D:12:     layout_roguey, st_stairs_12, chequers_serial_rivers_small_b,
          minivault_25
D:13:     layout_loops_ring
D:14:     layout_long_grid, lightli_vaults_fourway_checkpoint,
          okawaru_gym_becter
D:15:     gammafunk_enter_depths_forms, layout_irregular_city,
          minmay_guarded_unrand_staff_of_olgreb
Temple:   grunt_temple_mini_profane
Lair:1:   layout_long_grid, serial_bayou_shore_a, infiniplex_staircase_pool_2
Lair:2:   layout_concentric_octagons, st_stairs_5
Lair:3:   nzn_winding_woodlands_stair_trap [nzn_winding_woodlands_5x15_cabin,
          nzn_winding_woodlands_5x15_jagged,
          nzn_winding_woodlands_5x15_pathside_ponds,
          nzn_winding_woodlands_15x15_thick_spiral,
          nzn_winding_woodlands_5x15_sawtooth,
          nzn_winding_woodlands_5x15_sidewinder,
          nzn_winding_woodlands_5x15_river_crossing], layout_chaotic_city,
          nicolae_swamp_entry_splash_gauntlet,
          hellmonk_spider_entry_life_and_decay
Lair:4:   beast_lair_carwin_large_4, layout_regular_city, slime_entry_1
Lair:5:   hellmonk_lair_end_abyssal_woods, layout_cave_pods
Swamp:1:  layout_basic_swamp, nicolae_swamp_long_stream, swamp_pool4,
          beargit_elvish_explorers, uniq_mlioglotl
Swamp:2:  layout_basic_swamp, evilmike_swamp_ruin_house_4,
          nicolae_swamp_soggy_hallways
Swamp:3:  layout_basic_swamp, nicolae_swamp_very_dense_foliage, swamp_pool1
Swamp:4:  swamp_icy, layout_basic_swamp
Spider:1: layout_cave_pods, nicolae_spider_solar_radiation, uniq_frances
Spider:2: layout_cave_pods, uniq_azrael, uniq_arachne
Spider:3: layout_spider_delve
Spider:4: grunt_spider_rune_island, nicolae_spider_some_kinda_spiderbox,
          uniq_aizul, uniq_roxanne
Slime:1:  layout_caves
Slime:2:  layout_caves, uniq_dissolution
Slime:3:  layout_caves
Slime:4:  layout_caves, amcnicky_altar_lugonu_corruption
Slime:5
Orc:1:    layout_caves, serial_shops, shop, bloody_makhleb
Orc:2:    st_orc_pillars, layout_diamond_mine, gammafunk_ghost_grave,
          uniq_josephine
Vaults:1: ebering_ghost_xom, ontoclasm_vaults_eye,
          nicolae_vaults_trapezoid_lopsided_4, nicolae_vaults_oozy_zoo,
          nicolae_vaults_little_squares_6, nicolae_vaults_apartment_1,
          ontoclasm_vaults_shuriken, layout_vaults_omnigrid, uniq_nikola
Vaults:2: nicolae_vaults_antechamber_and_loot_room, v_misc_14,
          hangedman_vaults_capsules, minmay_crypt_entry_simple_round,
          grunt_vaults_bifocal, grunt_vaults_hallway_long, grunt_vaults_funnel,
          nicolae_vaults_big_ls, v_misc_15, ontoclasm_vaults_spin,
          nicolae_vaults_little_squares_6, vaults_dpeg_encased_lava,
          nicolae_vaults_circle_grid_b, hangedman_vaults_slither,
          vaults_dpeg_ring, layout_vaults_maze_snakey
Vaults:3: nicolae_vaults_mush_room, nicolae_vaults_little_squares_6,
          nicolae_vaults_asterisk, ontoclasm_vaults_loading_screen,
          nicolae_vaults_more_shelving_1, ontoclasm_vaults_ring_square,
          nicolae_vaults_border_crossing, vaults_room_fours,
          nicolae_vaults_yaktaur_gun_rack, layout_vaults_chaotic_city,
          serial_shops, shop
Vaults:4: ontoclasm_vaults_pinch, nicolae_vaults_triangles,
          hangedman_vaults_unwind, v_misc_30, v_misc_3,
          nicolae_vaults_three_branches, vaults_room_door_hall,
          ontoclasm_vaults_ligature, v_misc_17, nicolae_vaults_double_plus_2,
          layout_vaults_omnibox, serial_shops,
          nicolae_shop_competitors_out_of_business
Vaults:5
Crypt:1:  layout_misc_corridors, basic_altar, gammafunk_ghost_mausoleum
Crypt:2:  dreamdust_cat_pyramid, layout_gridlike, uniq_donald
Crypt:3:  church_of_pain_bobbens, layout_chaotic_city,
          tomb_entry_simple_bobbens, serial_glass, glass_columns_a,
          glass_columns_a, uniq_frederick
Tomb:1
Tomb:2
Tomb:3:   uniq_mennas
Depths:1: layout_cave_shapes, enter_ziggurat_c, hell_entry,
          minmay_misc_feat_columns, drop_trap, lemuel_blue_sif_altar,
          firewood_loft, kennysheep_random_hallway, uniq_mara
Depths:2: minmay_octagon_keep, layout_gridlike,
          nicolae_hell_entry_hellmouth_sunbeams, minmay_misc_feat_alley,
          rand_demon_pan_entry_3, lemuel_flamethrower_hall
Depths:3: minmay_nine_rooms, layout_cave_pools, nicolae_tso_carved_into_rock,
          hangedman_abyss_entry_splay, hell_entry, pan_entry,
          minmay_variable_closet, uniq_grunn
Depths:4: evilmike_zot_entry_round, layout_honeycomb, abyss_entry, hell_entry,
          minivault_16, nicolae_transporter_intersection, uniq_sojobo,
          uniq_enchantress, uniq_xtahua
Zot:1:    lemuel_firehouse, layout_concentric_octagons,
          hellmonk_ghost_happy_afterlife, hangedman_zot_decor_slant
Zot:2:    lemuel_draconian_sentries_small, layout_gridlike, grunt_ministairs_2,
          lemuel_baited_zot_trap, st_stairs_10
Zot:3:    layout_misc_corridors, grunt_ministairs_8, drop_trap,
          st_single_dragon_hoard_4, hangedman_zot_spectrum
Zot:4:    layout_cellular_growth

Skill      XL: |  1  2  3  4  5  6  7  8  9 10 11 12 13 14 15 16 17 18 19 20 21 22 23 24 25 26 27 |
---------------+----------------------------------------------------------------------------------+-----
Axes           | 2 3 4 5 6 7 9 10 12 13 14 15 17 18 | 18.0
Dodging        | 1 2 3 4 6 7 8 9 10 | 10.7
Fighting       | 4 6 7 8 9 10 12 13 15 16 17 19 21 22 23 25 27 | 27.0
Throwing       | 1 2 5 6 7 9 10 11 13 15 | 15.1
Shields        | 4 6 7 9 10 12 15 16 18 20 21 22 | 22.0
Armour         | 6 7 9 10 12 13 14 16 17 18 19 21 22 26 | 26.7
Invocations    | 4 5 9 10 11 18 | 18.4

Action                     |  1- 3 |  4- 6 |  7- 9 | 10-12 | 13-15 | 16-18 | 19-21 | 22-24 | 25-27 || total
---------------------------+-------+-------+-------+-------+-------+-------+-------+-------+-------++-------
  Melee: War axe           |    36 |       |       |       |       |       |       |       |   300 ||   336
         Hand axe          |    41 |   233 |   529 |   909 |  2171 |       |       |       |       ||  3883
         Flail             |       |       |       |    12 |    67 |       |       |       |       ||    79
         Broad axe         |       |       |       |       |    73 |  1001 |  1699 |  1584 |  2476 ||  6833
  Throw: Boomerang         |       |       |    23 |    57 |    93 |    75 |     8 |     7 |   276 ||   539
         Javelin           |       |       |       |       |    19 |    86 |   166 |    63 |    47 ||   381
 Invoke: Heroism           |       |       |       |    23 |    31 |    31 |    20 |    25 |    28 ||   158
         Finesse           |       |       |       |       |     1 |     6 |     9 |    10 |     5 ||    31
         Cleansing Flame   |       |       |       |       |       |       |       |       |    62 ||    62
         Summon Divine War |       |       |       |       |       |       |       |       |    10 ||    10
         Brand Weapon With |       |       |       |       |       |       |       |       |     1 ||     1
  Evoke: Wand              |       |       |       |       |       |       |     1 |       |       ||     1
    Use: Scroll            |     7 |     6 |     9 |     1 |    12 |     1 |     2 |     1 |    11 ||    50
         Potion            |     3 |     4 |       |     2 |     4 |     5 |       |     4 |    32 ||    54
   Stab: Petrified         |       |       |       |     7 |     4 |       |       |       |       ||    11
         Petrifying        |       |       |       |     1 |       |       |       |       |       ||     1
         Held in net/web   |       |       |       |       |       |     1 |       |       |       ||     1
         Distracted        |       |       |       |       |       |     1 |       |     1 |     1 ||     3
         Confused          |       |       |       |       |       |       |       |       |     4 ||     4
 Armour: Scale mail        |    45 |    26 |       |       |       |       |       |       |       ||    71
         Ring mail         |       |    91 |   132 |       |       |       |       |       |       ||   223
         Plate armour      |       |       |    70 |   267 |   880 |   379 |   478 |   626 |    85 ||  2785
         Gold dragon scale |       |       |       |       |       |       |       |       |  1351 ||  1351
  Dodge: Dodged            |    35 |    90 |   231 |   248 |  1044 |   575 |   690 |   879 |  1625 ||  5417
         Repelled          |       |       |       |       |     6 |       |       |       |       ||     6
  Block: Buckler           |    18 |    35 |   203 |   378 |  1042 |   183 |       |       |       ||  1859
         Reflection        |       |       |     3 |     1 |    10 |    22 |    44 |       |       ||    80
         Kite shield       |       |       |       |       |       |   463 |   543 |       |       ||  1006
         Tower shield      |       |       |       |       |       |       |   730 |  1411 |  2803 ||  4944

Table legend:
 A = Non-vault XP
 B = Vault XP
 C = Vault XP percentage of total XP
 D = Non-vault monster count
 E = Vault monster count
 F = Vault count percentage of total count
                 A         B        C        D         E       F
            +---------+---------+-------+---------+---------+-------
      Total |  819938 |  717328 |  46.7 |    1536 |     946 |  38.1
            +---------+---------+-------+---------+---------+-------
        D:1 |      20 |       0 |   0.0 |      11 |       0 |   0.0
        D:2 |     114 |      14 |  10.9 |      23 |       7 |  23.3
        D:3 |     119 |      35 |  22.7 |      17 |       1 |   5.6
        D:4 |     282 |       0 |   0.0 |      15 |       0 |   0.0
        D:5 |     599 |     259 |  30.2 |      10 |       1 |   9.1
        D:6 |     810 |       0 |   0.0 |      15 |       0 |   0.0
        D:7 |    1290 |       0 |   0.0 |      21 |       0 |   0.0
        D:8 |    1261 |     641 |  33.7 |      13 |       8 |  38.1
        D:9 |    1832 |    7195 |  79.7 |      19 |       8 |  29.6
       D:10 |    2219 |       0 |   0.0 |      25 |       0 |   0.0
       D:11 |    6242 |       0 |   0.0 |      36 |       0 |   0.0
       D:12 |    3386 |    1157 |  25.5 |      12 |       2 |  14.3
       D:13 |    7913 |       0 |   0.0 |      17 |       0 |   0.0
       D:14 |    3828 |    7756 |  67.0 |       9 |      12 |  57.1
       D:15 |   10398 |    4131 |  28.4 |      28 |       8 |  22.2
     Lair:1 |    5681 |       0 |   0.0 |      25 |       0 |   0.0
     Lair:2 |    5284 |     586 |  10.0 |      26 |       3 |  10.3
     Lair:3 |    5100 |   14976 |  74.6 |      21 |      34 |  61.8
     Lair:4 |    8116 |    4279 |  34.5 |      21 |       9 |  30.0
     Lair:5 |   16244 |   11215 |  40.8 |      57 |      40 |  41.2
    Swamp:1 |   13299 |    5493 |  29.2 |      26 |       6 |  18.8
    Swamp:2 |   10538 |    3899 |  27.0 |      25 |       6 |  19.4
    Swamp:3 |   16069 |       0 |   0.0 |      29 |       0 |   0.0
    Swamp:4 |   11147 |    7018 |  38.6 |      19 |      31 |  62.0
   Spider:1 |   17040 |    4697 |  21.6 |      44 |       5 |  10.2
   Spider:2 |   20830 |    4247 |  16.9 |      58 |       8 |  12.1
   Spider:3 |   16723 |    1497 |   8.2 |      40 |       2 |   4.8
   Spider:4 |   15408 |   25697 |  62.5 |      34 |      43 |  55.8
    Slime:1 |    2283 |       0 |   0.0 |       4 |       0 |   0.0
    Slime:2 |    1969 |    7160 |  78.4 |       7 |       1 |  12.5
    Slime:3 |    2050 |       0 |   0.0 |       2 |       0 |   0.0
    Slime:4 |    7209 |       0 |   0.0 |      19 |       0 |   0.0
    Slime:5 |   10028 |   25181 |  71.5 |      16 |      16 |  50.0
      Orc:1 |    3130 |       0 |   0.0 |      38 |       0 |   0.0
      Orc:2 |    4579 |   12066 |  72.5 |      37 |      65 |  63.7
   Vaults:1 |   12374 |    6133 |  33.1 |      16 |       6 |  27.3
   Vaults:2 |   28068 |   31529 |  52.9 |      43 |      51 |  54.3
   Vaults:3 |   12080 |   19167 |  61.3 |      15 |      24 |  61.5
   Vaults:4 |   44864 |   19266 |  30.0 |      54 |      21 |  28.0
   Vaults:5 |   22788 |  118625 |  83.9 |      29 |     106 |  78.5
    Crypt:1 |   20192 |       0 |   0.0 |      37 |       0 |   0.0
    Crypt:2 |   29191 |    4459 |  13.3 |      46 |       3 |   6.1
    Crypt:3 |   37454 |   45709 |  55.0 |      57 |      76 |  57.1
     Tomb:1 |    7401 |   87174 |  92.2 |      31 |      58 |  65.2
     Tomb:2 |    3478 |   39257 |  91.9 |      17 |      53 |  75.7
     Tomb:3 |   11657 |   23863 |  67.2 |      23 |      34 |  59.6
   Depths:1 |   34830 |   12245 |  26.0 |      46 |      11 |  19.3
   Depths:2 |   39374 |   23909 |  37.8 |      52 |      32 |  38.1
   Depths:3 |   30119 |   41560 |  58.0 |      36 |      25 |  41.0
   Depths:4 |   28016 |   32114 |  53.4 |      27 |      27 |  50.0
      Zot:1 |   55724 |   15076 |  21.3 |      49 |      29 |  37.2
      Zot:2 |   53642 |    2928 |   5.2 |      45 |       4 |   8.2
      Zot:3 |   75394 |   44686 |  37.2 |      59 |      42 |  41.6
      Zot:4 |   40252 |       0 |   0.0 |      35 |       0 |   0.0
    Ossuary |       0 |     429 | 100.0 |       0 |      28 | 100.0
            +---------+---------+-------+---------+---------+-------
